Workbook

Sheet Table S2.1 LCA database
A1: Table S2.1 Master LCA data capture spreadsheet including publication 1)bibliographic, 2) bioprocess and product information, 3) LCA methods, 4) Environmental impact drivers, and 5) Quantitative environmentatl results. Publications are marked as either "1. Eligible" or "2. Ineligible" based on the systematic review PIFT inclusion and exclusion criteria. Some studies that were ineligible were kept for data capture or added after the formal systematic review and are not included in the manuscript analysis.
A2: Publication ID | B2: Publication ID | C2: 1) Bibliometric Information | D2: 1) Bibliometric Information | E2: 1) Bibliometric Information | F2: 1) Bibliometric Information | G2: 1) Bibliometric Information | H2: 1) Bibliometric Information | I2: 1) Bibliometric Information | J2: 1) Bibliometric Information | K2: 1) Bibliometric Information | L2: 1) Bibliometric Information | M2: 1) Bibliometric Information | N2: 1) Bibliometric Information | O2: 1) Bibliometric Information | P2: 1) Bibliometric Information | Q2: 2) Product and bioprocess data | R2: 2) Product and bioprocess data | S2: 2) Product and bioprocess data | T2: 2) Product and bioprocess data | U2: 2) Product and bioprocess data | V2: 2) Product and bioprocess data | W2: 2) Product and bioprocess data | X2: 2) Product and bioprocess data | Y2: 2) Product and bioprocess data | Z2: 2) Product and bioprocess data | AA2: 2) Product and bioprocess data | AB2: 2) Product and bioprocess data | AC2: 2) Product and bioprocess data | AD2: 2) Product and bioprocess data | AE2: 2) Product and bioprocess data | AF2: 2) Product and bioprocess data | AG2: 2) Product and bioprocess data | AH2: 2) Product and bioprocess data | AI2: 2) Product and bioprocess data | AJ2: 2) Product and bioprocess data | AK2: 2) Product and bioprocess data | AL2: 2) Product and bioprocess data | AM2: 2) Product and bioprocess data | AN2: 2) Product and bioprocess data | AO2: 2) Product and bioprocess data | AP2: 2) Product and bioprocess data | AQ2: 3) LCA method data | AR2: 3) LCA method data | AS2: 3) LCA method data | AT2: 3) LCA method data | AU2: 3) LCA method data | AV2: 3) LCA method data | AW2: 3) LCA method data | AX2: 3) LCA method data | AY2: 3) LCA method data | AZ2: 3) LCA method data | BA2: 3) LCA method data | BB2: 3) LCA method data | BC2: 3) LCA method data | BD2: 3) LCA method data | BE2: 3) LCA method data | BF2: 3) LCA method data | BG2: 3) LCA method data | BH2: 3) LCA method data | BI2: 3) LCA method data | BJ2: 3) LCA method data | BK2: 3) LCA method data | BL2: 3) LCA method data | BM2: 4) Env. impact drivers | BN2: 4) Env. impact drivers | BO2: 4) Env. impact drivers | BP2: 4) Env. impact drivers | BQ2: 4) Env. impact drivers | BR2: 4) Env. impact drivers | BS2: 4) Env. impact drivers | BT2: 5. Impact Results (quanitative) | BU2: 5. Impact Results (quanitative) | BV2: 5. Impact Results (quanitative) | BW2: 5. Impact Results (quanitative) | BX2: 5. Impact Results (quanitative) | BY2: 5. Impact Results (quanitative) | BZ2: 5. Impact Results (quanitative) | CA2: 5. Impact Results (quanitative) | CB2: 5. Impact Results (quanitative) | CC2: 5. Impact Results (quanitative) | CD2: 5. Impact Results (quanitative) | CE2: 5. Impact Results (quanitative) | CF2: 5. Impact Results (quanitative) | CG2: 5. Impact Results (quanitative) | CH2: 5. Impact Results (quanitative) | CI2: 5. Impact Results (quanitative) | CJ2: 5. Impact Results (quanitative) | CK2: 5. Impact Results (quanitative) | CL2: 5. Impact Results (quanitative) | CM2: 5. Impact Results (quanitative) | CN2: 5. Impact Results (quanitative) | CO2: 5. Impact Results (quanitative) | CP2: 5. Impact Results (quanitative) | CQ2: 5. Impact Results (quanitative) | CR2: 5. Impact Results (quanitative) | CS2: 5. Impact Results (quanitative) | CT2: 5. Impact Results (quanitative) | CU2: 5. Impact Results (quanitative) | CV2: 5. Impact Results (quanitative) | CW2: 5. Impact Results (quanitative) | CX2: 5. Impact Results (quanitative) | CY2: 5. Impact Results (quanitative) | CZ2: 5. Impact Results (quanitative) | DA2: 5. Impact Results (quanitative) | DB2: 5. Impact Results (quanitative) | DC2: 5. Impact Results (quanitative) | DD2: 5. Impact Results (quanitative) | DE2: 5. Impact Results (quanitative) | DF2: 5. Impact Results (quanitative) | DG2: 5. Impact Results (quanitative) | DH2: 5. Impact Results (quanitative) | DI2: 5. Impact Results (quanitative) | DJ2: 5. Impact Results (quanitative) | DK2: 5. Impact Results (quanitative) | DL2: 5. Impact Results (quanitative) | DM2: 5. Impact Results (quanitative) | DN2: 5. Impact Results (quanitative) | DO2: 5. Impact Results (quanitative) | DP2: 5. Impact Results (quanitative) | DQ2: 5. Impact Results (quanitative) | DR2: 5. Impact Results (quanitative) | DS2: 5. Impact Results (quanitative) | DT2: 5. Impact Results (quanitative) | DU2: 5. Impact Results (quanitative) | DV2: 5. Impact Results (quanitative) | DW2: 5. Impact Results (quanitative) | DX2: 5. Impact Results (quanitative) | DY2: 5. Impact Results (quanitative) | DZ2: 5. Impact Results (quanitative) | EA2: 5. Impact Results (quanitative) | EB2: 5. Impact Results (quanitative) | EC2: 5. Impact Results (quanitative) | ED2: 5. Impact Results (quanitative) | EE2: 5. Impact Results (quanitative) | EF2: 5. Impact Results (quanitative) | EG2: 5. Impact Results (quanitative) | EH2: 5. Impact Results (quanitative) | EI2: 5. Impact Results (quanitative) | EJ2: 5. Impact Results (quanitative) | EK2: 5. Impact Results (quanitative) | EL2: 5. Impact Results (quanitative) | EM2: 5. Impact Results (quanitative) | EN2: 5. Impact Results (quanitative) | EO2: 5. Impact Results (quanitative) | EP2: 5. Impact Results (quanitative) | EQ2: 5. Impact Results (quanitative) | ER2: 5. Impact Results (quanitative) | ES2: 5. Impact Results (quanitative) | ET2: 5. Impact Results (quanitative) | EU2: 5. Impact Results (quanitative) | EV2: 5. Impact Results (quanitative) | EW2: 5. Impact Results (quanitative) | EX2: 5. Impact Results (quanitative) | EY2: 5. Impact Results (quanitative) | EZ2: 5. Impact Results (quanitative) | FA2: 5. Impact Results (quanitative) | FB2: 5. Impact Results (quanitative) | FC2: 5. Impact Results (quanitative) | FD2: 5. Impact Results (quanitative) | FE2: 5. Impact Results (quanitative) | FF2: 5. Impact Results (quanitative) | FG2: 5. Impact Results (quanitative) | FH2: 5. Impact Results (quanitative) | FI2: 5. Impact Results (quanitative) | FJ2: 5. Impact Results (quanitative) | FK2: 5. Impact Results (quanitative) | FL2: 5. Impact Results (quanitative) | FM2: 5. Impact Results (quanitative) | FN2: 5. Impact Results (quanitative) | FO2: 5. Impact Results (quanitative) | FP2: 5. Impact Results (quanitative) | FQ2: 5. Impact Results (quanitative) | FR2: 5. Impact Results (quanitative)
A3: Publication ID | B3: Scenario ID | C3: Product type | D3: Author label | E3: Eligibility | F3: Authors | G3: Year | H3: Title | I3: Abstract | J3: Link / DOI | K3: Journal | L3: Database | M3: Type of publication | N3: Author affiliation | O3: Affiliation type | P3: Author location | Q3: Product class | R3: Product sub-class | S3: Product info | T3: Product detail | U3: Application | V3: Fermentation type | W3: Fermentation mode | X3: Microbe type | Y3: Microbe name | Z3: Feedstock type | AA3: Feedstock source | AB3: Feedstock specific | AC3: Feedstock processing | AD3: SIP included in model | AE3: CIP included in model | AF3: Scale | AG3: Production volume (MTa) | AH3: Reactor Volume | AI3: DSP steps | AJ3: DSP steps (further description) | AK3: Yield (feedstock, g/g) | AL3: Titer (g/L) | AM3: Primary product Purity % | AN3: Moisture content % | AO3: Protein / oil content | AP3: Waste or Coproduct Processing | AQ3: Type of study | AR3: Temporal positionality | AS3: System boundaries | AT3: Goal and scope | AU3: Functional unit | AV3: Functional units detail | AW3: Allocation criterion | AX3: Allocation detail | AY3: Impact assessment method | AZ3: Software | BA3: Model Scale | BB3: Foreground Data | BC3: Primary/Foreground data source | BD3: Background/Secondary data (database) | BE3: Data notes | BF3: Type of scenarios | BG3: Scenarios | BH3: Geographic: Production location | BI3: Comparator system(s) | BJ3: Comparator notes | BK3: Sensitivity analysis | BL3: Uncertainty analysis | BM3: Summary | BN3: Type | BO3: Hot spot summary | BP3: Hotspot 1 | BQ3: Hotspot 2 | BR3: Hotspot 3 | BS3: Hotspot 4 | BT3: Summary | BU3: Carbon footprint (min) | BV3: Carbon footprint (max) | BW3: Carbon footprint (unit) | BX3: GWP (min) | BY3: GWP (max) | BZ3: GWP (unit) | CA3: Land use (min) | CB3: Land use (max) | CC3: Land use (unit) | CD3: Freshwater eutrophication potential (min) | CE3: Freshwater eutrophication potential (max) | CF3: Freshwater eutrophication potential (unit) | CG3: Marine eutrophication potential (min) | CH3: Marine eutrophication potential (max) | CI3: Marine eutrophication potential (unit) | CJ3: Terrestrial acidification (min) | CK3: Terrestrial acidification (max) | CL3: Terrestrial acidification (unit) | CM3: Ionizing radiation (min) | CN3: Ionizing radiation (max) | CO3: Ionizing radiation (unit) | CP3: Human carcinogenic toxicity (min) | CQ3: Human carcinogenic toxicity (max) | CR3: Human carcinogenic toxicity (unit) | CS3: Non-carcinogenic toxicity (min) | CT3: Non-carcinogenic toxicity (max) | CU3: Non-carcinogenic toxicity (unit) | CV3: Stratospheric ozone depletion (min) | CW3: Stratospheric ozone depletion (max) | CX3: Stratospheric ozone depletion (unit) | CY3: Water scarcity (min) | CZ3: Water scarcity (max) | DA3: Water scarcity (unit) | DB3: Water use (min) | DC3: Water use (max) | DD3: Water use (unit) | DE3: Cumulative energy demand (CED) (min) | DF3: Cumulative energy demand (CED) (max) | DG3: Cumulative energy demand (CED) (unit) | DH3: Photochemical ozone formation (min) | DI3: Photochemical ozone formation (max) | DJ3: Photochemical ozone formation (units) | DK3: Respiratory inorganics (min) | DL3: Respiratory inorganics (max) | DM3: Respiratory inorganics (units) | DN3: Resource Use (mineral and metals) (min) | DO3: Resource Use (mineral and metals) (max) | DP3: Resource Use (mineral and metals) (units) | DQ3: Resource use. energy carriers (min) | DR3: Resource use. energy carriers (max) | DS3: Resource use. energy carriers (units) | DT3: Eutrophication terrestrial (min) | DU3: Eutrophication terrestrial (max) | DV3: Eutrophication terrestrial (units) | DW3: Fossil energy demand (min) | DX3: Fossil energy demand (max) | DY3: Fossil energy demand (units) | DZ3: Fine particulate matter formation (min) | EA3: Fine particulate matter formation (max) | EB3: Fine particulate matter formation (units) | EC3: Eutrophication potential (min) | ED3: Eutrophication potential (max) | EE3: Eutrophication potential (units) | EF3: Photochemical smog potential (min) | EG3: Photochemical smog potential (max) | EH3: Photochemical smog potential (units) | EI3: Ozone layer depletion (min) | EJ3: Ozone layer depletion (max) | EK3: Ozone layer depletion (units) | EL3: Human toxicity potential (min) | EM3: Human toxicity potential (max) | EN3: Human toxicity potential (units) | EO3: Particulate matter (min) | EP3: Particulate matter (max) | EQ3: Particulate matter (units) | ER3: Acidification (min) | ES3: Acidification (max) | ET3: Acidification (units) | EU3: Abiotic Depletion Potential, elements (min) | EV3: Abiotic Depletion Potential, elements (max) | EW3: Abiotic Depletion Potential, elements (units) | EX3: Abiotic Depletion Potential, fossil (min) | EY3: Abiotic Depletion Potential, fossil (max) | EZ3: Abiotic Depletion Potential, fossil (units) | FA3: Freshwater Aquatic Ecotoxicity Potential (min) | FB3: Freshwater Aquatic Ecotoxicity Potential (max) | FC3: Freshwater Aquatic Ecotoxicity Potential (units) | FD3: Marine Aquatic Ecotoxicity Potential (min) | FE3: Marine Aquatic Ecotoxicity Potential (max) | FF3: Marine Aquatic Ecotoxicity Potential (units) | FG3: Terrestrial Ecotoxicity Potential (min) | FH3: Terrestrial Ecotoxicity Potential (max) | FI3: Terrestrial Ecotoxicity Potential (units) | FJ3: Biotic Resource Use (min) | FK3: Biotic Resource Use (max) | FL3: Biotic Resource Use (units) | FM3: Ecotoxicity (min) | FN3: Ecotoxicity (max) | FO3: Ecotoxicity (units) | FP3: Water Footprint (min) | FQ3: Water Footprint (max) | FR3: Water Footprint (units)
A4: MO1 | B4: MO1.1 | C4: Microbial oils | D4: Bonatsos et al., 2020 | E4: 1. Eligible | F4: Bonatsos, N; Marazioti, C; Moutousidi, E; Anagnostou, A; Koutinas, A; Kookos, IK | G4: 2020 | H4: Techno-economic analysis and life cycle assessment of heterotrophic yeast-derived single cell oil production process | I4: The widespread application and utilization of vegetable oils and fats has led to a significant increase of their annual production. Fats and oils are mainly consumed as food and as animal feed, as raw material in the chemical industry and more recently as raw material for biofuel production. In this work the economics of the biochemical production of microbial oil is investigated and the life cycle assessment is performed for first time in the open literature. The production process is simulated using commercial simulators to perform accurate material and energy balances and all necessary data are collected from the open literature. Following the process simulation step a detailed technoeconomic analysis is performed and the fixed capital investment is estimated for a production that varies from 2 to 40 kt of microbial oil per year. Having completed the technoeconomic analysis the Life Cycle Inventory Analysis is performed, and the environmental impacts are estimated, using the comprehensive Life Cycle Assessment methodology. | J4: 10.1016/j.fuel.2019.116839 | K4: Fuel | L4: Dimensions, Web of Science, "Other (previously known, citation chains)" | M4: Article: peer reviewed | N4: a Department of Chemical Engineering, University of Patras, Rio, 26504 Patras, Greece b Department of Food Science and Human Nutrition, Agricultural University of Athens, Iera Odos 75, 118 55 Athens, Greece c INVALOR: Research Infrastructure for Waste Valorization and Sustainable Management, Caratheodory 1, University Campus, Patras GR-26504, Greece | O4: University | P4: Greece | Q4: Bulk lipids (MUFA-/SFA-rich oils) | R4: MUFA yeast oil | S4: MUFA-rich TAG yeast oil | T4: Triglyceride-rich oil produced via fermentation of Rhodosporidium toruloides Y4 through SCO hexane extraction. | U4: Not specified | V4: Aerobic (submerged) | W4: Fed-batch | X4: Yeast | Y4: Rhodosporidium toruloides | Z4: Gen 1 | AA4: Sugarcane | AB4: Sucrose | AC4: Off-site processing: Pulls agricultural production and crop fractionation from "Renouf et al. 2008". | AD4: Yes | AE4: Not specified | AF4: Industrial | AG4: 10000 | AH4: 594.4 cubic-meter | AI4: Cell separation (rotary filter), Drying (Fluid bed), Homoginization (mechanical lysis), Extraction (hexane), Separations (S/L separator), Solvent recovery (evaporator), No oil refining mentioned, No formulation | AJ4: 1. Biomass separated by rotary vacuum filtration, 2. Dried (fluid bed dryer), 3. Mixed with hexane, homogenized, 4. Centrifuged, 5. Oil extracted by phase separation, hexane recovered and recycled, SCO stored. Residual biomass can be coproduct. | AK4: 0.22988506 | AL4: 71.9 | AM4: High purity extracted oil from yeast | AN4: n.r. | AO4: 67.5% (cell DM) | AP4: Residual biomass (0.48t/t SCO) not credited - waste product | AQ4: Attributional LCA | AR4: 2018 | AS4: Cradle-to-gate (no packaging) | AT4: Assessment of a product: Economic and environmental assessment of SCO process for food, fuel, chemical applications; compare to vegetable oils | AU4: 1 tonne oil | AV4: All impacts and economics per 1 t SCO | AW4: System expansion | AX4: System expansion for co-products from glucose (LPS from bagasse, corn gluten/meal/oil replace other products); residual biomass not credited. Residual microbial biomass (0.48 tbiomass per t of SCO) = main co-product of the production process (an additional 0.88 t of CO2 captured at the agricultural stage is stored in the residual biomass produced per t of SCO). Production of the monosaccharide results in different co-products: low pressure steam (LPS at 120 °C) is the co-product that is produced at the crop processing step at the significant amount of 18.2 t LPS/t SCO. Correspondingly, in the case of glucose production from corn, the co-products are corn gluten feed, corn gluten meal and corn oil at amounts of 1.166 t, 0.35 t and 0.12 t per t of SCO, respectively. System boundaries were expanded to include the displacement of alternative products in the market. LPS from bagasse combustion substitutes LPS from natural gas, in the first case examined, while in the second case, corn gluten feed, corn gluten meal and corn oil replaces barley, soybean meal and soybean oil, respectively. Residual microbial biomass is not taken into consideration due to the amount that it is produced as well as the lack of data concerning the displacing of animal feed. | AY4: GWP100 (Carbon footprint), Other | AZ4: GaBi version: 8.7.0.18/GaBi database | BA4: Industrial | BB4: Feedstock processing, USP, DSP | BC4: Literature modeled, Lab data modeled | BD4: Literature, Gabi (Sphera) | BE4: Renouf et al. 2008 (agriculture), GaBi/ecoinvent (background) | BF4: Input: Feedstock type; Plant scale | BG4: Both glucose sources for all impact categories. Glucose source (sugarcane vs corn); plant scale (2–40 kt/y); glucose cost sensitivity | BH4: Not specified | BI4: Common vegetable oils | BJ4: Four vegetable oils: (palm oil, soybean oil, rapeseed oil and sunflower oil) | BK4: No | BL4: No | BM4: Bonatsos et al. (2020) compared TAG-rich yeast oil produced from R. toruloides using sugarcane sucrose or corn glucose against palm, soybean, rapeseed, and sunflower oils on a cradle-to-gate basis. GWP was 71% higher than the vegetable oil average for the sugarcane scenario and 176% higher for the corn glucose scenario, driven primarily by feedstock source and fermentation electricity demand. However, acidification and eutrophication impacts were substantially lower than the vegetable oil average in both scenarios — by 86% and 65% respectively for sugarcane sucrose — with agricultural fertilizer use identified as the dominant hotspot for both categories in conventional comparators. Land use, water use, and biotic resource use were not assessed. GWP: major contribution: production of SCO, agricultural production stage; high electricity demands during fermenttation process. Acidification: agricultural process stage dominates impacts. SCO made with sugarcane lowest impacts, followed by corn-based carbon source. Eutrophication: agricultural process stage dominates impacts due to fertilizer usage. Both SCO cases have "medium value". | BN4: Process | BO4: Feedstock source (sugarcane vs corn) Electrical demand (CED) (agitation and aeration) Agricultural production / fertilizer | BP4: Feedstock source (sugarcane vs corn) | BQ4: Electrical demand (CED) (agitation and aeration) | BR4: Agricultural production / fertilizer | BT4: Bonatsos et al. (2020) compared TAG-rich yeast oil produced from R. toruloides using sugarcane sucrose or corn glucose against palm, soybean, rapeseed, and sunflower oils on a cradle-to-gate basis. GWP was 71% higher than the vegetable oil average for the sugarcane scenario and 176% higher for the corn glucose scenario, driven primarily by feedstock source and fermentation electricity demand. However, acidification and eutrophication impacts were substantially lower than the vegetable oil average in both scenarios — by 86% and 65% respectively for sugarcane sucrose — with agricultural fertilizer use identified as the dominant hotspot for both categories in conventional comparators. Land use, water use, and biotic resource use were not assessed. GWP: major contribution: production of SCO, agricultural production stage; high electricity demands during fermenttation process. Acidification: agricultural process stage dominates impacts. SCO made with sugarcane lowest impacts, followed by corn-based carbon source. Eutrophication: agricultural process stage dominates impacts due to fertilizer usage. Both SCO cases have "medium value". | BX4: 7.2 | BZ4: t CO2-eq/FU | CJ4: 0.004 | CL4: t SO2-eq/FU | ED4: 0.007 | EE4: t PO4 eq / FU
A5: MO1 | B5: MO1.2 | C5: Microbial oils | D5: Bonatsos et al., 2020 | E5: 1. Eligible | F5: Bonatsos, N; Marazioti, C; Moutousidi, E; Anagnostou, A; Koutinas, A; Kookos, IK | G5: 2020 | H5: Techno-economic analysis and life cycle assessment of heterotrophic yeast-derived single cell oil production process | I5: The widespread application and utilization of vegetable oils and fats has led to a significant increase of their annual production. Fats and oils are mainly consumed as food and as animal feed, as raw material in the chemical industry and more recently as raw material for biofuel production. In this work the economics of the biochemical production of microbial oil is investigated and the life cycle assessment is performed for first time in the open literature. The production process is simulated using commercial simulators to perform accurate material and energy balances and all necessary data are collected from the open literature. Following the process simulation step a detailed technoeconomic analysis is performed and the fixed capital investment is estimated for a production that varies from 2 to 40 kt of microbial oil per year. Having completed the technoeconomic analysis the Life Cycle Inventory Analysis is performed, and the environmental impacts are estimated, using the comprehensive Life Cycle Assessment methodology. | J5: 10.1016/j.fuel.2019.116839 | K5: Fuel | L5: Dimensions, Web of Science, "Other (previously known, citation chains)" | M5: Article: peer reviewed | N5: a Department of Chemical Engineering, University of Patras, Rio, 26504 Patras, Greece b Department of Food Science and Human Nutrition, Agricultural University of Athens, Iera Odos 75, 118 55 Athens, Greece c INVALOR: Research Infrastructure for Waste Valorization and Sustainable Management, Caratheodory 1, University Campus, Patras GR-26504, Greece | O5: University | P5: Greece | Q5: Bulk lipids (MUFA-/SFA-rich oils) | R5: MUFA yeast oil | S5: MUFA-rich TAG yeast oil | T5: Triglyceride-rich oil produced via fermentation of Rhodosporidium toruloides Y4 through SCO hexane extraction. | U5: Not specified | V5: Aerobic (submerged) | W5: Fed-batch | X5: Yeast | Y5: Rhodosporidium toruloides | Z5: Gen 1 | AA5: Corn | AB5: Glucose | AC5: Off-site processing: Pulls agricultural production and crop fractionation from "Renouf et al. 2008". | AD5: Yes | AE5: Not specified | AF5: Industrial | AG5: 10000 | AH5: 594.4 cubic-meter | AI5: Cell separation (rotary filter), Drying (Fluid bed), Homoginization (mechanical lysis), Extraction (hexane), Separations (S/L separator), Solvent recovery (evaporator), No oil refining mentioned, No formulation | AJ5: 1. Biomass separated by rotary vacuum filtration, 2. Dried (fluid bed dryer), 3. Mixed with hexane, homogenized, 4. Centrifuged, 5. Oil extracted by phase separation, hexane recovered and recycled, SCO stored. Residual biomass can be coproduct. | AK5: 0.22988506 | AL5: 71.9 | AM5: High purity extracted oil from yeast | AN5: n.r. | AO5: 67.5% (cell DM) | AP5: Residual biomass (0.48t/t SCO) not credited - waste product | AQ5: Attributional LCA | AR5: 2018 | AS5: Cradle-to-gate (no packaging) | AT5: Assessment of a product: Economic and environmental assessment of SCO process for food, fuel, chemical applications; compare to vegetable oils | AU5: 1 tonne oil | AW5: System expansion | AX5: System expansion for co-products from glucose (LPS from bagasse, corn gluten/meal/oil replace other products); residual biomass not credited. Residual microbial biomass (0.48 tbiomass per t of SCO) = main co-product of the production process (an additional 0.88 t of CO2 captured at the agricultural stage is stored in the residual biomass produced per t of SCO). Production of the monosaccharide results in different co-products: low pressure steam (LPS at 120 °C) is the co-product that is produced at the crop processing step at the significant amount of 18.2 t LPS/t SCO. Correspondingly, in the case of glucose production from corn, the co-products are corn gluten feed, corn gluten meal and corn oil at amounts of 1.166 t, 0.35 t and 0.12 t per t of SCO, respectively. System boundaries were expanded to include the displacement of alternative products in the market. LPS from bagasse combustion substitutes LPS from natural gas, in the first case examined, while in the second case, corn gluten feed, corn gluten meal and corn oil replaces barley, soybean meal and soybean oil, respectively. Residual microbial biomass is not taken into consideration due to the amount that it is produced as well as the lack of data concerning the displacing of animal feed. | AY5: GWP100 (Carbon footprint) | AZ5: GaBi version: 8.7.0.18/GaBi database | BA5: Industrial | BB5: Feedstock processing, USP, DSP | BC5: Literature modeled, Lab data modeled | BD5: Literature, Gabi (Sphera) | BE5: Renouf et al. 2008 (agriculture), GaBi/ecoinvent (background) | BF5: Input: Feedstock type; Plant scale | BG5: Both glucose sources for all impact categories. Glucose source (sugarcane vs corn); plant scale (2–40 kt/y); glucose cost sensitivity | BH5: Not specified | BI5: Common vegetable oils | BJ5: Four vegetable oils: (palm oil, soybean oil, rapeseed oil and sunflower oil) | BK5: No | BL5: No | BM5: Bonatsos et al. (2020) compared TAG-rich yeast oil produced from R. toruloides using sugarcane sucrose or corn glucose against palm, soybean, rapeseed, and sunflower oils on a cradle-to-gate basis. GWP was 71% higher than the vegetable oil average for the sugarcane scenario and 176% higher for the corn glucose scenario, driven primarily by feedstock source and fermentation electricity demand. However, acidification and eutrophication impacts were substantially lower than the vegetable oil average in both scenarios — by 86% and 65% respectively for sugarcane sucrose — with agricultural fertilizer use identified as the dominant hotspot for both categories in conventional comparators. Land use, water use, and biotic resource use were not assessed. GWP: major contribution: production of SCO, agricultural production stage; high electricity demands during fermenttation process. Acidification: agricultural process stage dominates impacts. SCO made with sugarcane lowest impacts, followed by corn-based carbon source. Eutrophication: agricultural process stage dominates impacts due to fertilizer usage. Both SCO cases have "medium value". | BN5: Process | BO5: Feedstock source (sugarcane vs corn) Electrical demand (CED) (agitation and aeration) Agricultural production / fertilizer | BP5: Feedstock source (sugarcane vs corn) | BQ5: Electrical demand (CED) (agitation and aeration) | BR5: Agricultural production / fertilizer | BT5: Bonatsos et al. (2020) compared TAG-rich yeast oil produced from R. toruloides using sugarcane sucrose or corn glucose against palm, soybean, rapeseed, and sunflower oils on a cradle-to-gate basis. GWP was 71% higher than the vegetable oil average for the sugarcane scenario and 176% higher for the corn glucose scenario, driven primarily by feedstock source and fermentation electricity demand. However, acidification and eutrophication impacts were substantially lower than the vegetable oil average in both scenarios — by 86% and 65% respectively for sugarcane sucrose — with agricultural fertilizer use identified as the dominant hotspot for both categories in conventional comparators. Land use, water use, and biotic resource use were not assessed. GWP: major contribution: production of SCO, agricultural production stage; high electricity demands during fermenttation process. Acidification: agricultural process stage dominates impacts. SCO made with sugarcane lowest impacts, followed by corn-based carbon source. Eutrophication: agricultural process stage dominates impacts due to fertilizer usage. Both SCO cases have "medium value". | BX5: 11.6 | BZ5: t CO2-eq/FU | CJ5: 0.015 | CL5: t SO2-eq/FU | ED5: 0.015 | EE5: t PO4 eq / FU
A6: MO2 | B6: MO2 | C6: Microbial oils | D6: Abelleira et al., 2024 | E6: 1. Eligible | F6: Abelleira, S; Cruz, PL; Iribarren, D | G6: 2024 | H6: Life cycle sustainability assessment of microbial oil from organic waste | I6: Microbial oils (MOs) are lipids produced by oleaginous microorganisms, which constitute an alternative to vegetable and fossil-derived oils. They can be produced from organic waste by coupling acidogenic fermentation (AF) with oleaginous fermentation (OF). This study addresses a life cycle sustainability assessment (LCSA) of MO produced from the organic fraction of municipal solid waste. First, a system was modelled using simulation tools. This model combines AF for the production of volatile fatty acids from organic waste, OF for the production of lipid-rich yeasts, and MO extraction. LCSA results indicate the need for improvements in the disruption of yeasts and the overall efficiency of the system. Particularly, slightly acidified thermolysis turned out to involve excessively high steam requirements. An enhanced sustainability performance could be achieved by exploring alternative disruption methods or alternative sources of energy for the production of steam such as biogas from the valorisation of the sludges produced in the system. | J6: 10.1016/j.cesys.2024.100236 | K6: Circular Economy and Sustainability | L6: Dimensions, Web of Science, "Other (previously known, citation chains)" | M6: Article: peer reviewed | N6: a Systems Analysis Unit, IMDEA Energy, 28935, Mostoles, ´ Spain b Rey Juan Carlos University, 28933, Mostoles, ´ Spain | O6: Research institution, University | P6: Spain | Q6: Bulk lipids (MUFA-/SFA-rich oils) | R6: MUFA yeast oil | S6: MUFA-rich TAG yeast oil | T6: Microbial oil (single-cell oil) produced by Yarrowia lipolytica (wild strains), via OF fed with VFAs from acidogenic fermentation of OFMSW. Acetoenic fermentation (anaerobic digestion) of organic waste (organic fraction of municipal solid waste). The digested waste produces volatile fatty acides (VFAs) for oleagnious yeast fermentaiton substrate for microbial oil production. The microbial oil has high palmitic and stearic acid composition according to supplementary file. | U6: Food ingredient | V6: Aerobic (submerged) | W6: Batch | X6: Yeast | Y6: Yarrowia lipolytica | Z6: Gen 2 | AA6: Food waste, Anaerobic digestion | AB6: Volatile fatty acids (VFAs) | AC6: Mechanical grinding, thermal sterilisation, anaerobic digestion of organic waste, submerged membrane separation of VFAs | AD6: Not specified | AE6: Not specified | AF6: Industrial | AG6: n.r. | AH6: Acidogenic fermenter: 354.03m3 Oleaginous fermenter: 74.02m3 | AI6: Cell separation (centrifugation), Homogenization / cell lysis (acid thermolysis), Solvent extraction (hexane), Separation (centrifugation), Separation (purification / solvent distillation), No oil refining mentioned, No formulation | AJ6: Yeast centrifugation, yeast thermolysis (homogenization), lipid extraction via liquid-liquid extraction (solvent extraction), further centrifugation to remove cell debris (separation), and solvent distillation for hexane recovery and MO purification (oil purification). | AK6: 0.019 (56.66kg organic food waste / 1kg microbial oils) | AL6: n.r. | AM6: n.r. | AN6: n.r. | AO6: n.r. | AQ6: Attributional LCA, Social-LCA, Economic-LCC | AR6: Prospective | AS6: Cradle-to-gate (no packaging) | AT6: Assessment of a product: Assess environmental, economic, and social sustainability of MO from OFMSW (as baseline for future scenarios and improvement) | AU6: 1 kg MO from OFMSW (organic fraction of municipal solid waste) | AV6: Per 1 kg MO, all impacts allocated by economic value (MO: 89.4% of impact; rest to waste management function) | AW6: Economic | AX6: Impacts were allocated to the MO product based on the calculated percentage of benefits coming from MO sales according to the economic information from the life cycle costing (LCC) study. With these considerations, the allocation percentage for MO is 89.4%. | AY6: Environmental Footprint (EF) | AZ6: Simapro | BB6: Feedstock processing, USP, DSP | BC6: Literature modeled | BD6: Ecoinvent | BE6: The MO production system under study comprises three main steps integrated into an Aspen Plus® simulation: AF of organic waste, OF of waste-derived VFAs, and MO extraction from oleaginous yeasts. Aspen simulation based. Foreground data source Morales-Palomo et al. (2022), Kruger et al. (2018), Gao et al. (2017, 2020), others Secondary data (database) ecoinvent v3.8, Spanish grid mix, market prices for chemicals/utilities | BF6: None | BG6: Not comparative; baseline is AF + OF + DSP from OFMSW | BH6: Spain | BI6: Vegetable oils (soybean, palm, rapeseed, sunflower) | BK6: No | BL6: No | BM6: Abelleira et al. (2024) compared TAG-rich yeast oil produced from Y. lipolytica on waste-derived volatile fatty acid feedstock against conventional vegetable oils (soybean, palm, rapeseed, sunflower) using ecoinvent background data. At pilot scale, microbial oil environmental impacts exceeded the vegetable oil average by 7- to 33-fold across climate change, eutrophication, acidification, and fossil resource use categories, with natural gas consumption identified as the dominant hotspot. The authors note that a 74% reduction in carbon footprint would be required to reach parity with soybean oil, underscoring that process energy intensity at current scale remains the principal barrier to competitiveness with conventional vegetable oils. Combustion emissionsand the natural gas demand were identified as the environmental hotspots of MO. Notably, emissions and natural gas consumption related to steam production were found to account for 91% and 3% of the potential. acidification impact, 52% and 23% of the potential climate change impact, 94% and 2% of the potential marine eutrophication impact, 94% and 1% of the terrestrial eutrophication impact, and 87% and 8% of the potential photochemical ozone formation impact. Environmental improvement actions should focus on alternative methods for yeast lysis, such as highpressure homogenisation, micro-wave and other conventional thermal treatments, bead beating, and acid, base and enzymatic treatments. | BN6: Process | BO6: 1. Natural gas for steam (acid thermolysis): ~80% of total climate impact and main cost; 2. Chemicals (NaOH for pH control): main contributor within chemicals; 3. Electricity: especially for aeration (44% of use), also for membrane, centrifuges. | BP6: Steam and heat demand (natural gas, combustion emissions, for yeast lysis) | BQ6: Production of chemicals (sodium hydrolxide, n-hexane, sulphuric acid) | BR6: Electrical demand (USP aeration) | BT6: Abelleira et al. (2024) compared TAG-rich yeast oil produced from Y. lipolytica on waste-derived volatile fatty acid feedstock against conventional vegetable oils (soybean, palm, rapeseed, sunflower) using ecoinvent background data. At pilot scale, microbial oil environmental impacts exceeded the vegetable oil average by 7- to 33-fold across climate change, eutrophication, acidification, and fossil resource use categories, with natural gas consumption identified as the dominant hotspot. The authors note that a 74% reduction in carbon footprint would be required to reach parity with soybean oil, underscoring that process energy intensity at current scale remains the principal barrier to competitiveness with conventional vegetable oils. Combustion emissionsand the natural gas demand were identified as the environmental hotspots of MO. Notably, emissions and natural gas consumption related to steam production were found to account for 91% and 3% of the potential. acidification impact, 52% and 23% of the potential climate change impact, 94% and 2% of the potential marine eutrophication impact, 94% and 1% of the terrestrial eutrophication impact, and 87% and 8% of the potential photochemical ozone formation impact. Environmental improvement actions should focus on alternative methods for yeast lysis, such as highpressure homogenisation, micro-wave and other conventional thermal treatments, bead beating, and acid, base and enzymatic treatments. | BU6: 26.94 | BW6: kg CO2eq /FU | CH6: 0.31 | CI6: kg N eq / FU | CJ6: 0.6 | CL6: mol H+ eq / FU | DH6: 0.57 | DJ6: kg NMVOC eq | DT6: 3.43 | DV6: mol N eq | DX6: 433.87 | DY6: MJ / FU
A7: MO3 | B7: MO3.1 | C7: Microbial oils | D7: Davis D et al., 2021 | E7: 1. Eligible | F7: Davis D,Morão A,Johnson JK,Shen L | G7: 2021 | H7: Life cycle assessment of heterotrophic algae omega-3 | I7: Fish oil has traditionally been the primary source of long chain omega-3 fatty acids, which are essential nutrients for human diets as well as many aquaculture and animal feeds. The demand for fish oil is growing rapidly, due to an expanding aquaculture sector as well as rising demand in pet and livestock feeds, while the availability of fish oil from wild caught fish has leveled off over the past decade. Fish oil is not easily replaced and alternative sources are required to meet the growing global demand. One of the most promising alternatives is microalgae - the original source of long chain omega-3s. To understand the environmental impacts of omega-3s produced by heterotrophic algae, a comprehensive Life Cycle Assessment (LCA), assessing six impact categories, was conducted for two algae omega-3 DHA (docosahexaenoic acid) products, in powder and liquid suspension formats. These products are manufactured at industrial scale using sugarcane for both feedstock and a renewable energy source. The life cycle impact assessment results for algae omega-3 DHA indicate that sugarcane cultivation has the largest contribution for most of the categories. A sensitivity analysis revealed that the sugarcane yield, and the sugar to omega-3 DHA yield, were the most relevant parameters, and that the choice of allocation methodology did not have a strong influence on the results. A comparison with fish oil, using data publicly available in LCA databases, indicated that the two formats of the commercial algae omega-3 DHA product offer about 30–40% lower impact on climate change than fish oil. | J7: 10.1016/j.algal.2021.102494 | K7: Algal Research | L7: Other (previously known, citation chains) | M7: Article: peer reviewed | N7: a Copernicus Institute of Sustainable Development, Utrecht University, Utrecht, the Netherlands b Corbion Sustainability department, Gorinchem, the Netherlands c Corbion Algae Ingredients, South San Francisco, CA, USA | O7: University, Company | P7: Netherlands, United States | Q7: Nutritional omega-3 oils (PUFA-rich) | R7: PUFA microalgal oil | S7: Algae omega-3 DHA powder: Powder or biomass - Oil high in omega-3 DHA is encapsulated within the algae cell to form a free-flowing dry powder | T7: Omega-3 DHA produced from heterotrophically grown microalgae commercialed under the name of Algaprime DHA, fermented at Corbion | U7: Feed ingredient | V7: Aerobic (submerged) | W7: Not specified | X7: Microalgae | Y7: Schizochytrium genus | Z7: Gen 1 | AA7: Sugarcane | AB7: Sucrose | AD7: Not specified | AE7: Not specified | AF7: Industrial | AG7: n.r. | AH7: n.r. | AI7: Cell separation (unspecified), Drying (not specified), No oil refining (direct oil-rich biomass), No formulation | AJ7: The algae broth is harvested and dried using steam from bagasse. The dry algae biomass is a free-flowing dry powder with oil high in DHA encapsulated within the algae biomass. The water removed in the drying steps is condensed and reused in the process. Algae omega-3 DHA liquid suspension is produced by mixing algae biomass with vegetable oil. | AK7: n.r. | AL7: n.r. | AM7: 20-30% DHA biomass | AP7: Co-products: sugar, ethanol. electricity | AQ7: Attributional LCA | AR7: 2019 | AS7: Cradle-to-gate (no packaging) | AT7: Assessment of a product | AU7: 1 kg omega-3 fatty acids (biomass powder) | AV7: Product is biomass product rich in DHA product normalized to 1 kg omega-3 FA functional unit due to DHA being the key nutritional component; allows comparison to fish oil. | AW7: Economic, Energy | AX7: Economic allocation is applied as default based on the PEFCR for animal feed [23]. The economic allocation factors, based on average prices in 2016–2019, are 45%, 45% and 9% for sugar, ethanol and electricity, respectively. In the sensitivity analysis (see Section 4.3) energy allocation is applied, which results in slightly higher allocation factor for sugar and lower allocation factor for electricity, i.e. 48%, 45% and 7% | AY7: Environmental Footprint (EF) | AZ7: SimaPro 9.1 | BA7: Industrial | BB7: USP, DSP, Feedstock processing, Company data (ingredient) | BC7: Company data (industrial-scale) | BD7: Agri-footprint, Ecoinvent | BE7: The LCI for algae omega-3 DHA production is based on the confidential process and for this reason detailed input/output data cannot be disclosed. | BF7: Dry biomass product | BH7: Orindiúva, Brazil | BI7: Fish Oil | BJ7: A comparison with fish oil indicated that the two formats of the commercial algae omega-3 DHA product offer about 30–40% lower impact on climate change than fish oil. | BK7: Yes | BL7: No | BM7: Davis et al. (2021): Davis et al. (2021) found that heterotrophic microalgal omega-3 production from sugarcane-derived sucrose in Brazil has about 30–40% lower impact on climate change than wild-caught fish oil, while acidification and water use impacts significantly differed depending on the fish oil inventory. Land use impacts were significantly higher in the microalgal DHA system. No biotic resource use or marine ecotoxicity potential assessed - limiting assessment on biodiversity and over-fishing impacts. Impacts were predominantly driven by the sucrose production (sugarcane production and sugar mill) along with vegetable oil production as a formulation component of the DHA product. Whereas, water use was the only impact area driven mainly by the microalgal DHA production. Sugarcane cultivation was the largest contributior for most of the categories, sensitivity analysis revealed that sugarcane yield, sugar to omega=3 DHA yield were the most relevant parameters. | BN7: Process | BO7: Sugarcane cultivation Sugar mill Other nutrients and chemicals | BP7: Feedstock production: sugarcane cultivation | BQ7: Feedstock production: sugar mill | BR7: Other nutrients and chemicals | BT7: Davis et al. (2021): Davis et al. (2021) found that heterotrophic microalgal omega-3 production from sugarcane-derived sucrose in Brazil has about 30–40% lower impact on climate change than wild-caught fish oil, while acidification and water use impacts significantly differed depending on the fish oil inventory. Land use impacts were significantly higher in the microalgal DHA system. No biotic resource use or marine ecotoxicity potential assessed - limiting assessment on biodiversity and over-fishing impacts. Impacts were predominantly driven by the sucrose production (sugarcane production and sugar mill) along with vegetable oil production as a formulation component of the DHA product. Whereas, water use was the only impact area driven mainly by the microalgal DHA production. Sugarcane cultivation was the largest contributior for most of the categories, sensitivity analysis revealed that sugarcane yield, sugar to omega=3 DHA yield were the most relevant parameters. | BU7: 4.12 | BW7: kg CO2eq/FU | CA7: 2090 | CC7: Pt (soil index quality) / FU | CJ7: 0.0565 | CL7: mol H+ eq | DB7: 0.926 | DD7: m3 deprived / FU | DT7: 0.182 | DV7: mol N eq/FU | EO7: 1.35e-06 | EQ7: Disease inc.
A8: MO3 | B8: MO3.2 | C8: Microbial oils | D8: Davis D et al., 2021 | E8: 1. Eligible | F8: Davis D,Morão A,Johnson JK,Shen L | G8: 2021 | H8: Life cycle assessment of heterotrophic algae omega-3 | I8: Fish oil has traditionally been the primary source of long chain omega-3 fatty acids, which are essential nutrients for human diets as well as many aquaculture and animal feeds. The demand for fish oil is growing rapidly, due to an expanding aquaculture sector as well as rising demand in pet and livestock feeds, while the availability of fish oil from wild caught fish has leveled off over the past decade. Fish oil is not easily replaced and alternative sources are required to meet the growing global demand. One of the most promising alternatives is microalgae - the original source of long chain omega-3s. To understand the environmental impacts of omega-3s produced by heterotrophic algae, a comprehensive Life Cycle Assessment (LCA), assessing six impact categories, was conducted for two algae omega-3 DHA (docosahexaenoic acid) products, in powder and liquid suspension formats. These products are manufactured at industrial scale using sugarcane for both feedstock and a renewable energy source. The life cycle impact assessment results for algae omega-3 DHA indicate that sugarcane cultivation has the largest contribution for most of the categories. A sensitivity analysis revealed that the sugarcane yield, and the sugar to omega-3 DHA yield, were the most relevant parameters, and that the choice of allocation methodology did not have a strong influence on the results. A comparison with fish oil, using data publicly available in LCA databases, indicated that the two formats of the commercial algae omega-3 DHA product offer about 30–40% lower impact on climate change than fish oil. | J8: 10.1016/j.algal.2021.102494 | K8: Algal Research | L8: Other (previously known, citation chains) | M8: Article: peer reviewed | N8: a Copernicus Institute of Sustainable Development, Utrecht University, Utrecht, the Netherlands b Corbion Sustainability department, Gorinchem, the Netherlands c Corbion Algae Ingredients, South San Francisco, CA, USA | O8: University, Company | P8: Netherlands, United States | Q8: Nutritional omega-3 oils (PUFA-rich) | R8: PUFA microalgal oil | S8: Algae omega-3 DHA liquid suspension: Liquid suspension – Blend of omega-3 DHA-rich algae and vegetable oil. | T8: Omega-3 DHA produced from heterotrophically grown microalgae commercialed under the name of Algaprime DHA, fermented at Corbion | U8: Feed ingredient | V8: Aerobic (submerged) | W8: Not specified | X8: Microalgae | Y8: Schizochytrium genus | Z8: Gen 1 | AA8: Sugarcane | AB8: Sucrose | AD8: Not specified | AE8: Not specified | AF8: Industrial | AG8: n.r. | AH8: n.r. | AI8: Cell separation (unspecified), Drying (not specified), No oil refining (direct oil-rich biomass), Formulation (vegetable oil blend) | AJ8: The algae broth is harvested and dried using steam from bagasse. The dry algae biomass is a free-flowing dry powder with oil high in DHA encapsulated within the algae biomass. The water removed in the drying steps is condensed and reused in the process. Algae omega-3 DHA liquid suspension is produced by mixing algae biomass with vegetable oil. T | AK8: n.r. | AL8: n.r. | AM8: 20-30% DHA biomass | AP8: Co-products: sugar, ethanol. electricity | AQ8: Attributional LCA | AR8: 2019 | AS8: Cradle-to-gate (no packaging) | AT8: Assessment of a product | AU8: 1 kg omega-3 fatty acids (biomass liquid product) | AV8: Product is mixed liquid product rich in DHA product normalized to 1 kg omega-3 FA functional unit due to DHA being the key nutritional component; allows comparison to fish oil. | AW8: Economic, Energy | AX8: Economic allocation is applied as default based on the PEFCR for animal feed [23]. The economic allocation factors, based on average prices in 2016–2019, are 45%, 45% and 9% for sugar, ethanol and electricity, respectively. In the sensitivity analysis (see Section 4.3) energy allocation is applied, which results in slightly higher allocation factor for sugar and lower allocation factor for electricity, i.e. 48%, 45% and 7% | AY8: Environmental Footprint (EF) | AZ8: SimaPro 9.1 | BA8: Industrial | BB8: USP, DSP, Feedstock processing, Company data (ingredient) | BC8: Company data (industrial-scale) | BD8: Agri-footprint, Ecoinvent | BE8: The LCI for algae omega-3 DHA production is based on the confidential process and for this reason detailed input/output data cannot be disclosed. | BF8: Mixed liquid product | BH8: Orindiúva, Brazil | BI8: Fish Oil | BJ8: A comparison with fish oil indicated that the two formats of the commercial algae omega-3 DHA product offer about 30–40% lower impact on climate change than fish oil. | BK8: Yes | BL8: No | BM8: Davis et al. (2021): Davis et al. (2021) found that heterotrophic microalgal omega-3 production from sugarcane-derived sucrose in Brazil has about 30–40% lower impact on climate change than wild-caught fish oil, while acidification and water use impacts significantly differed depending on the fish oil inventory. Land use impacts were significantly higher in the microalgal DHA system. No biotic resource use or marine ecotoxicity potential assessed - limiting assessment on biodiversity and over-fishing impacts. Impacts were predominantly driven by the sucrose production (sugarcane production and sugar mill) along with vegetable oil production as a formulation component of the DHA product. Whereas, water use was the only impact area driven mainly by the microalgal DHA production. Sugarcane cultivation was the largest contributior for most of the categories, sensitivity analysis revealed that sugarcane yield, sugar to omega=3 DHA yield were the most relevant parameters. | BN8: Process | BO8: Sugarcane cultivation Sugar mill Other nutrients and chemicals | BP8: Feedstock production: sugarcane cultivation | BQ8: Feedstock production: sugar mill | BR8: Other input: vegetable oil in blended product | BT8: Davis et al. (2021): Davis et al. (2021) found that heterotrophic microalgal omega-3 production from sugarcane-derived sucrose in Brazil has about 30–40% lower impact on climate change than wild-caught fish oil, while acidification and water use impacts significantly differed depending on the fish oil inventory. Land use impacts were significantly higher in the microalgal DHA system. No biotic resource use or marine ecotoxicity potential assessed - limiting assessment on biodiversity and over-fishing impacts. Impacts were predominantly driven by the sucrose production (sugarcane production and sugar mill) along with vegetable oil production as a formulation component of the DHA product. Whereas, water use was the only impact area driven mainly by the microalgal DHA production. Sugarcane cultivation was the largest contributior for most of the categories, sensitivity analysis revealed that sugarcane yield, sugar to omega=3 DHA yield were the most relevant parameters. | BU8: 4.7 | BW8: kg CO2eq/FU | CA8: 1802 | CC8: Pt (soil index quality) / FU | CJ8: 0.0691 | CL8: mol H+ eq | DB8: 0.757 | DD8: m3 deprived / FU | DT8: 0.25 | DV8: mol N eq/FU | EO8: 1.23e-06 | EQ8: Disease inc.
A9: MO4 | B9: MO4.1 | C9: Microbial oils | D9: Smetana S et al., 2017 | E9: 1. Eligible | F9: Smetana S,Sandmann M,Rohn S,Pleissner D,Heinz V | G9: 2017 | H9: Autotrophic and heterotrophic microalgae and cyanobacteria cultivation for food and feed: life cycle assessment | I9: The lack of protein sources in Europe could be reduced with onsite production of microalgae with autotrophic and heterotrophic systems, owing the confirmation of economic and environmental benefits. This study aimed at the life cycle assessment (LCA) of microalgae and cyanobacteria cultivation (Chlorella vulgaris and Arthrospira platensis) in autotrophic and heterotrophic conditions on a pilot industrial scale (in model conditions of Berlin, Germany) with further biomass processing for food and feed products. The comparison of analysis results with traditional benchmarks (protein concentrates) indicated higher environmental impact of microalgae protein powders. However high-moisture extrusion of heterotrophic cultivated C. vulgaris resulted in more environmentally sustainable product than pork and beef. Further optimization of production with Chlorella pyrenoidosa on hydrolyzed food waste could reduce environmental impact in 4.5 times and create one of the most sustainable sources of proteins. | J9: 10.1016/j.biortech.2017.08.113 | K9: Bioresource Technology | L9: Other (previously known, citation chains) | M9: Article: peer reviewed | N9: a German Institute of Food Technologies – DIL e.V., Prof.-von-Klitzing-Str. 7, 49610 Quakenbrueck, Germany b Institute for Food and Environmental Research (ILU) e.V., Arthur-Scheunert-Allee 40/41, Nuthetal, Germany c Sustainable Chemistry (Resource Efficiency), Institute of Sustainable and Environmental Chemistry, Leuphana University of Lüneburg, Scharnhorststr. 1, C13.203, 21335 Lüneburg, Germany | O9: Research institution | P9: Germany | Q9: Bulk lipids (MUFA-/SFA-rich oils) | R9: MUFA microalgal oil | S9: Microalgae oil for food purposes | T9: Oil extracted from Chlorella vulgaris biomass (fractionation after freeze-drying); modeled as food-grade oil | U9: Food or feed ingredient | V9: Photoautotrophic (submerged) | W9: Not specified | X9: Microalgae | Y9: Chlorella vulgaris | Z9: Gen 2 | AA9: Gas | AB9: CO2 | AC9: The main sources of carbon consisted of atmosphere air with addition of concentrated CO2 for ORP and TBR scenarios and glucose (sugar beet production) for HTF scenario. | AD9: Not specified | AE9: Yes | AF9: Pilot/Industrial | AG9: 1.4-1.8 ton dry matter/year | AH9: Open raceway pond (ORP) = 300m3 Tubular photobioreactor (PBR) = 25 m3 Heterotropic fermentation (HTF) = 2.5 m3 | AI9: Cell separation (flocculation), Concentration (centrifugatiuon), Drying (lyophilization), Extraction (bead milling and supercritical CO2 extraction), No oil refining mentioned | AJ9: Initial cultivation of seed microalgae media was excluded from model scenarios due to the minor role and impact. Processing of microalgae biomass included a few stages. First microalgae media underwent electrical flocculation (was selected to provide a high-quality biomass suitable for food purposes) and centrifugation, which allowed to eliminate extra moisture and recycle it (ORP and TBR scenarios). Further processing included lyophilisation (freeze-drying) and fractionation (separation of oil from dry powder biomass). Microalgae processing models also enclosed assumption for the downtime and losses in microalgae cultivation due to technical failures and cleaning procedures. Cleaning procedures in TBR scenarios consisted of treatment via 3% hydrogen peroxide and 0.5% citric acid, HTF scenarios excluded treatment with citric acid but and additionally relied on sterilization with steam. Fractionation (separation of oil and protein biomass) consisted of bed milling and supercritical CO 2 extraction (Brentner et al., 2011). | AK9: n.r. | AL9: n.r. | AN9: n.r. | AP9: Oil is the co-product in this paper. Protein concetnrate is the main product with an oil coproduct. | AQ9: Attributional LCA | AR9: Prospective | AS9: Cradle-to-gate (no packaging) | AT9: Assessment of a product | AU9: 1 kg of oil | AV9: FU (FU4) was used for the estimation of environmental impacts of microalgae oils used for food purposes (1 kg of oil). The third FU (FU3) was 1 kg of bulk proteins supplied in a form of powder concentrate meal remaining from defatting of whole dried protein powder. The oil product is a coproduct modelled in the process model and thus may not be fully comparative to other LCAs. | AW9: System expansion | AX9: System expansion was applied to the scenarios of waste and side-streams application as microalgae nutrition sources | AY9: ReCiPe 2016 Midpoint , Other | AZ9: SimaPro8 software | BA9: Pilot | BB9: USP, DSP, Company data (ingredient) | BC9: Literature modeled, Lab data modeled | BD9: Ecoinvent | BE9: Literature: cultivation of Cholerella, Spirulina, processing Experimental data (lab-scale): Cholerella cultivation Experimental data (pilot): Spirullina processing | BF9: Process: modification | BG9: Open raceway pond (ORP), Tubular photobioreactor (PBR), Heterotrophic fermenter (HTF) | BH9: Germany | BI9: None for oil co-product | BJ9: Mainly compares protein ingredient. Soybean meal, rapeseed cake, pea protein meal, whey concentrate, egg protein concentrate, fishmeal | BK9: Yes | BL9: No | BM9: High impacts related to heat and energy use (autotrophic cultivation) and glucose for microalgae feed (heterotrophic). Author notes the high energy use needed to warm the cultivation media as the cultivation location is Germany - a not ideal location for autotrophic photosynthetic cultivation. For autotrophic Chlorella oil scenarios, the main environmental hotspots are the high energy demand for heating (especially in colder climate in Germany), the electricity used for mixing and downstream processing, and water consumption related to evaporation in open pond scenario. Sensitivity analysis shows that producing in warmer climates can reduce heating-related impacts by up to 25% | BN9: Process | BO9: Electricity (CHTF and autotrophic) Glucose (CHTF) | BP9: Electrical demand (USP) | BQ9: Location impact on productivity (heating, light) | BR9: Electrical grid | BT9: High impacts related to heat and energy use (autotrophic cultivation) and glucose for microalgae feed (heterotrophic). Author notes the high energy use needed to warm the cultivation media as the cultivation location is Germany - a not ideal location for autotrophic photosynthetic cultivation. For autotrophic Chlorella oil scenarios, the main environmental hotspots are the high energy demand for heating (especially in colder climate in Germany), the electricity used for mixing and downstream processing, and water consumption related to evaporation in open pond scenario. Sensitivity analysis shows that producing in warmer climates can reduce heating-related impacts by up to 25%
A10: MO4 | B10: MO4.2 | C10: Microbial oils | D10: Smetana S et al., 2017 | E10: 1. Eligible | F10: Smetana S,Sandmann M,Rohn S,Pleissner D,Heinz V | G10: 2017 | H10: Autotrophic and heterotrophic microalgae and cyanobacteria cultivation for food and feed: life cycle assessment | I10: The lack of protein sources in Europe could be reduced with onsite production of microalgae with autotrophic and heterotrophic systems, owing the confirmation of economic and environmental benefits. This study aimed at the life cycle assessment (LCA) of microalgae and cyanobacteria cultivation (Chlorella vulgaris and Arthrospira platensis) in autotrophic and heterotrophic conditions on a pilot industrial scale (in model conditions of Berlin, Germany) with further biomass processing for food and feed products. The comparison of analysis results with traditional benchmarks (protein concentrates) indicated higher environmental impact of microalgae protein powders. However high-moisture extrusion of heterotrophic cultivated C. vulgaris resulted in more environmentally sustainable product than pork and beef. Further optimization of production with Chlorella pyrenoidosa on hydrolyzed food waste could reduce environmental impact in 4.5 times and create one of the most sustainable sources of proteins. | J10: 10.1016/j.biortech.2017.08.113 | K10: Bioresource Technology | L10: Other (previously known, citation chains) | M10: Article: peer reviewed | N10: a German Institute of Food Technologies – DIL e.V., Prof.-von-Klitzing-Str. 7, 49610 Quakenbrueck, Germany b Institute for Food and Environmental Research (ILU) e.V., Arthur-Scheunert-Allee 40/41, Nuthetal, Germany c Sustainable Chemistry (Resource Efficiency), Institute of Sustainable and Environmental Chemistry, Leuphana University of Lüneburg, Scharnhorststr. 1, C13.203, 21335 Lüneburg, Germany | O10: Research institution | P10: Germany | Q10: Bulk lipids (MUFA-/SFA-rich oils) | R10: MUFA microalgal oil | S10: Microalgae oil for food purposes | T10: Oil extracted from Chlorella vulgaris biomass (fractionation after freeze-drying); modeled as food-grade oil | U10: Food or feed ingredient | V10: Photoautotrophic (submerged) | W10: Not specified | X10: Microalgae | Y10: Chlorella vulgaris | Z10: Gen 2 | AA10: Gas | AB10: CO2 | AC10: The main sources of carbon consisted of atmosphere air with addition of concentrated CO2 for ORP and TBR scenarios and glucose (sugar beet production) for HTF scenario. | AD10: Not specified | AE10: Yes | AF10: Pilot/Industrial | AG10: 1.4-1.8 ton dry matter/year | AH10: Open raceway pond (ORP) = 300m3 Tubular photobioreactor (PBR) = 25 m3 Heterotropic fermentation (HTF) = 2.5 m3 | AI10: Cell separation (flocculation), Concentration (centrifugatiuon), Drying (lyophilization), Extraction (bead milling and supercritical CO2 extraction) | AJ10: Initial cultivation of seed microalgae media was excluded from model scenarios due to the minor role and impact. Processing of microalgae biomass included a few stages. First microalgae media underwent electrical flocculation (was selected to provide a high-quality biomass suitable for food purposes) and centrifugation, which allowed to eliminate extra moisture and recycle it (ORP and TBR scenarios). Further processing included lyophilisation (freeze-drying) and fractionation (separation of oil from dry powder biomass). Microalgae processing models also enclosed assumption for the downtime and losses in microalgae cultivation due to technical failures and cleaning procedures. Cleaning procedures in TBR scenarios consisted of treatment via 3% hydrogen peroxide and 0.5% citric acid, HTF scenarios excluded treatment with citric acid but and additionally relied on sterilization with steam. Fractionation (separation of oil and protein biomass) consisted of bed milling and supercritical CO 2 extraction (Brentner et al., 2011). | AK10: n.r. | AL10: n.r. | AN10: n.r. | AP10: Oil is the co-product in this paper. Protein concetnrate is the main product with an oil coproduct. | AQ10: Attributional LCA | AR10: Prospective | AS10: Cradle-to-gate (no packaging) | AT10: Assessment of a product | AU10: 1 kg of oil | AV10: FU (FU4) was used for the estimation of environmental impacts of microalgae oils used for food purposes (1 kg of oil). The third FU (FU3) was 1 kg of bulk proteins supplied in a form of powder concentrate meal remaining from defatting of whole dried protein powder. The oil product is a coproduct modelled in the process model and thus may not be fully comparative to other LCAs. | AW10: System expansion | AX10: System expansion was applied to the scenarios of waste and side-streams application as microalgae nutrition sources | AY10: ReCiPe 2016 Midpoint , Other | AZ10: SimaPro8 software | BA10: Pilot | BB10: USP, DSP, Company data (ingredient) | BC10: Literature modeled, Lab data modeled | BD10: Ecoinvent | BE10: Literature: cultivation of Cholerella, Spirulina, processing Experimental data (lab-scale): Cholerella cultivation Experimental data (pilot): Spirullina processing | BF10: Process: modification | BG10: Open raceway pond (ORP), Tubular photobioreactor (PBR), Heterotrophic fermenter (HTF) | BH10: Germany | BI10: None for oil co-product | BJ10: Mainly compares protein ingredient. Soybean meal, rapeseed cake, pea protein meal, whey concentrate, egg protein concentrate, fishmeal | BK10: Yes | BL10: No | BM10: High impacts related to heat and energy use (autotrophic cultivation) and glucose for microalgae feed (heterotrophic). Author notes the high energy use needed to warm the cultivation media as the cultivation location is Germany - a not ideal location for autotrophic photosynthetic cultivation. For autotrophic Chlorella oil scenarios, the main environmental hotspots are the high energy demand for heating (especially in colder climate in Germany), the electricity used for mixing and downstream processing, and water consumption related to evaporation in open pond scenario. Sensitivity analysis shows that producing in warmer climates can reduce heating-related impacts by up to 25% | BN10: Process | BO10: Electricity (CHTF and autotrophic) Glucose (CHTF) | BP10: Electrical demand (USP) | BQ10: Location impact on productivity (heating, light) | BR10: Electrical grid | BT10: High impacts related to heat and energy use (autotrophic cultivation) and glucose for microalgae feed (heterotrophic). Author notes the high energy use needed to warm the cultivation media as the cultivation location is Germany - a not ideal location for autotrophic photosynthetic cultivation. For autotrophic Chlorella oil scenarios, the main environmental hotspots are the high energy demand for heating (especially in colder climate in Germany), the electricity used for mixing and downstream processing, and water consumption related to evaporation in open pond scenario. Sensitivity analysis shows that producing in warmer climates can reduce heating-related impacts by up to 25%
A11: MO4 | B11: MO4.3 | C11: Microbial oils | D11: Smetana S et al., 2017 | E11: 1. Eligible | F11: Smetana S,Sandmann M,Rohn S,Pleissner D,Heinz V | G11: 2017 | H11: Autotrophic and heterotrophic microalgae and cyanobacteria cultivation for food and feed: life cycle assessment | I11: The lack of protein sources in Europe could be reduced with onsite production of microalgae with autotrophic and heterotrophic systems, owing the confirmation of economic and environmental benefits. This study aimed at the life cycle assessment (LCA) of microalgae and cyanobacteria cultivation (Chlorella vulgaris and Arthrospira platensis) in autotrophic and heterotrophic conditions on a pilot industrial scale (in model conditions of Berlin, Germany) with further biomass processing for food and feed products. The comparison of analysis results with traditional benchmarks (protein concentrates) indicated higher environmental impact of microalgae protein powders. However high-moisture extrusion of heterotrophic cultivated C. vulgaris resulted in more environmentally sustainable product than pork and beef. Further optimization of production with Chlorella pyrenoidosa on hydrolyzed food waste could reduce environmental impact in 4.5 times and create one of the most sustainable sources of proteins. | J11: 10.1016/j.biortech.2017.08.113 | K11: Bioresource Technology | L11: Other (previously known, citation chains) | M11: Article: peer reviewed | N11: a German Institute of Food Technologies – DIL e.V., Prof.-von-Klitzing-Str. 7, 49610 Quakenbrueck, Germany b Institute for Food and Environmental Research (ILU) e.V., Arthur-Scheunert-Allee 40/41, Nuthetal, Germany c Sustainable Chemistry (Resource Efficiency), Institute of Sustainable and Environmental Chemistry, Leuphana University of Lüneburg, Scharnhorststr. 1, C13.203, 21335 Lüneburg, Germany | O11: Research institution | P11: Germany | Q11: Bulk lipids (MUFA-/SFA-rich oils) | R11: MUFA microalgal oil | S11: Microalgae oil for food purposes | T11: Oil extracted from Chlorella vulgaris biomass (fractionation after freeze-drying); modeled as food-grade oil | U11: Food or feed ingredient | V11: Aerobic (submerged) | W11: Not specified | X11: Microalgae | Y11: Chlorella vulgaris | Z11: Gen 1 | AA11: Sugarbeet | AB11: Sucrose | AC11: The main sources of carbon consisted of atmosphere air with addition of concentrated CO2 for ORP and TBR scenarios and glucose (sugar beet production) for HTF scenario. | AD11: Yes | AE11: Not specified | AF11: Pilot/Industrial | AG11: 1.4-1.8 ton dry matter/year | AH11: Open raceway pond (ORP) = 300m3 Tubular photobioreactor (PBR) = 25 m3 Heterotropic fermentation (HTF) = 2.5 m3 | AI11: Concentration (flocculation), Concentration (centrifugatiuon), Drying (lyophilization), Extraction (bead milling and supercritical CO2 extraction) | AJ11: Initial cultivation of seed microalgae media was excluded from model scenarios due to the minor role and impact. Processing of microalgae biomass included a few stages. First microalgae media underwent electrical flocculation (was selected to provide a high-quality biomass suitable for food purposes) and centrifugation, which allowed to eliminate extra moisture and recycle it (ORP and TBR scenarios). Further processing included lyophilisation (freeze-drying) and fractionation (separation of oil from dry powder biomass). Microalgae processing models also enclosed assumption for the downtime and losses in microalgae cultivation due to technical failures and cleaning procedures. Cleaning procedures in TBR scenarios consisted of treatment via 3% hydrogen peroxide and 0.5% citric acid, HTF scenarios excluded treatment with citric acid but and additionally relied on sterilization with steam. Fractionation (separation of oil and protein biomass) consisted of bed milling and supercritical CO 2 extraction (Brentner et al., 2011). | AK11: n.r. | AL11: n.r. | AN11: n.r. | AP11: Oil is the co-product in this paper. Protein concetnrate is the main product with an oil coproduct. | AQ11: Attributional LCA | AR11: Prospective | AS11: Cradle-to-gate (no packaging) | AT11: Assessment of a product | AU11: 1 kg of oil | AV11: FU (FU4) was used for the estimation of environmental impacts of microalgae oils used for food purposes (1 kg of oil). The third FU (FU3) was 1 kg of bulk proteins supplied in a form of powder concentrate meal remaining from defatting of whole dried protein powder. The oil product is a coproduct modelled in the process model and thus may not be fully comparative to other LCAs. | AW11: System expansion | AX11: System expansion was applied to the scenarios of waste and side-streams application as microalgae nutrition sources | AY11: ReCiPe 2016 Midpoint , Other | AZ11: SimaPro8 software | BA11: Pilot | BB11: USP, DSP, Company data (ingredient) | BC11: Literature modeled, Lab data modeled | BD11: Ecoinvent | BE11: Literature: cultivation of Cholerella, Spirulina, processing Experimental data (lab-scale): Cholerella cultivation Experimental data (pilot): Spirullina processing | BF11: Process: modification | BG11: Open raceway pond (ORP), Tubular photobioreactor (PBR), Heterotrophic fermenter (HTF) | BH11: Germany | BI11: None for oil co-product | BJ11: Mainly compares protein ingredient. Soybean meal, rapeseed cake, pea protein meal, whey concentrate, egg protein concentrate, fishmeal | BK11: Yes | BL11: No | BM11: High impacts related to heat and energy use (autotrophic cultivation) and glucose for microalgae feed (heterotrophic). Author notes the high energy use needed to warm the cultivation media as the cultivation location is Germany - a not ideal location for autotrophic photosynthetic cultivation. The main environmental hotspots for Chlorella oil and protein production are the choice of carbon source for fermentation (with glucose driving high impacts), the energy source used for cultivation and downstream processing (especially heating and drying), and the method of biomass drying itself. Switching to food waste or glycerol as a carbon source, and using renewable electricity, can each reduce overall environmental impacts by 25–51%. Location and climate are also important, with warmer climates reducing heating needs | BN11: Process | BO11: Electricity (CHTF and autotrophic) Glucose (CHTF) | BP11: Electrical demand (USP) | BQ11: Feedstock (sucrose) | BR11: Drying method (DSP energy demand) | BT11: High impacts related to heat and energy use (autotrophic cultivation) and glucose for microalgae feed (heterotrophic). Author notes the high energy use needed to warm the cultivation media as the cultivation location is Germany - a not ideal location for autotrophic photosynthetic cultivation. The main environmental hotspots for Chlorella oil and protein production are the choice of carbon source for fermentation (with glucose driving high impacts), the energy source used for cultivation and downstream processing (especially heating and drying), and the method of biomass drying itself. Switching to food waste or glycerol as a carbon source, and using renewable electricity, can each reduce overall environmental impacts by 25–51%. Location and climate are also important, with warmer climates reducing heating needs
A12: MO5 | B12: MO5 | C12: Microbial oils | D12: Sigtryggsson C et al., 2025 | E12: 1. Eligible | F12: Sigtryggsson C,Kalita S,Karlsson-Potter H,Passoth V,Hansson PA | G12: 2025 | H12: Climate impact of yeast oil from fast-growing perennial biomass (willow) | I12: Global demand for fats is predicted to increase in coming decades. Production of vegetable oil causes environmental issues, and further agricultural e… | J12: 10.1016/j.jclepro.2025.144881 | K12: Journal of Cleaner Production | L12: Dimensions, Web of Science, "Other (previously known, citation chains)" | M12: Article: peer reviewed | N12: a Department of Energy and Technology, Swedish University of Agricultural Sciences, 750 07, Uppsala, Sweden b Department of Molecular Sciences, Swedish University of Agricultural Sciences, 750 07, Uppsala, Sweden | O12: University | P12: Sweden | Q12: Bulk lipids (MUFA-/SFA-rich oils) | R12: MUFA yeast oil | S12: Fatty-acid rich yeast oil | T12: Fatty-acid rich oil produced via yeast Rhodotorula babjevae on lignocellulosic hydrolysate from willow (Salix) biomass | U12: Food or feed ingredient | V12: Aerobic (submerged) | W12: Continuous | X12: Yeast | Y12: Rhodotorula babjevae | Z12: Gen 2 | AA12: Willow tree | AB12: Cellulosic mixed sugars | AC12: Cellulosic extraction: Chipping, dilute acid and steam explosion pretreatment, enzymatic hydrolysis (Cellic® CTec3 HS); enzymatic sugar yield 63–69%. Overall process, cultivation of Salix (6 varieties explored), including all necessary inputs for cultivation and fuel for machinery, followed by transport by truck to the biorefinery. The Salix biomass was assumed to be pretreated by steam (pretreated with dilute sulfuric acid and steam explosion, to hydrolyze hemicelluloses and increase the accessibility of cellulose to enzymatic hydrolysis) and then fermented into an oil-rich yeast biomass. | AD12: Not specified | AE12: Not specified | AF12: Industrial | AG12: 9500 tonnes oil / year | AH12: NA | AI12: Homogenization (mechanical lysis), Extraction (Hexane solvent), Separation (liquid solid; unspecied), Solvent recovery (evaporation), No oil refining mentioned, No formulation | AJ12: Same as Sigtryggsson 2023: For extracting the oil, the yeast cells were assumed to be mechanically disrupted by a homogeniser and mixed stepwise with hexane to dissolve the lipids. The yeast biomass was then separated from the lipid-solvent phase and hexane was recovered by evaporation, with an assumed loss of 0.5% [50] | AK12: Oil yield: 0.2 g lipid per g-sugar (113 kg-oil per tonne DM salix) | AL12: n.r. | AM12: Not specified; Food-grade oil assumed; 50% oil content per DW biomass | AN12: n.r. | AO12: 50% lipids per dry cell of biomass | AP12: Remaining yeast biomass to biogas (methane); digestate to field; excess power fed to grid | AQ12: Attributional LCA | AR12: Prospective | AS12: Not specified (cradle to gate) | AT12: Assessment of a product | AU12: 1 tonne of yeast oil | AV12: Results per 1 t oil; sensitivity on allocation method (economic/energy) | AW12: Economic | AX12: Economic allocation between oil, biomethane, and excess power (0.81–0.84 factor to oil); sensitivity: energy-based allocation reduces GWP by 27.5%. As biogas and power with different purposes and uses were produced alongside the yeast oil, economic allocation was used to differentiate the contribution of each product to the total climate performance of the biorefinery system. All prices used were 10-year averages (2010–2020) and the price of electricity (northern Europe) was set to USD 1.51 per GJ (USD 1 = 0.81 Euro). Biomethane was assumed to be priced like European natural gas (USD 7.32 per GJ) and yeast oil like rapeseed oil (USD 972 per tonne). | AY12: GWP100 (Carbon footprint) | AZ12: Not specified | BA12: Not specified | BB12: Feedstock processing, USP, DSP | BC12: Literature modeled, Other (not specified) | BD12: Gabi (Sphera), Not specified | BF12: Input: Feedstock type | BG12: Average biomass yield in tonnes of dry mater (DM) per hectare during the first and subsequent harvests of the six Salix varieties when grown under fertilized conditions in central Sweden. | BH12: Sweden | BI12: Rapeseed oil | BJ12: Swedish rapeseed oil: 1.62 kg CO₂e/kg oil; global veg oil: 2.49–4.25 kg CO₂e/kg | BK12: Yes | BL12: No | BM12: As noted in previous studies (Karlsson et al., 2016; Sigtryggsson et al., 2023), the hotspot in terms of process energy demand was stirring and aeration of the yeast culture. | BN12: Process | BO12: Cultivation of Salix Process energy demand (stirring and aeration of yeast culture, fermentation at the biorefinery) | BP12: Feedstock production | BQ12: Energy (stirring and aeration of yeast culture, fermentation at the biorefinery) | BT12: As noted in previous studies (Karlsson et al., 2016; Sigtryggsson et al., 2023), the hotspot in terms of process energy demand was stirring and aeration of the yeast culture. | BX12: 1.53 | BY12: 2.35 | BZ12: kgCO2eq / 1 kg oil (without SOC)
A13: MO6 | B13: MO6 | C13: Microbial oils | D13: Sigtryggsson et al., 2023 | E13: 2. Ineligible, but keep for database | F13: Sigtryggsson, Christian; Karlsson Potter, Hanna; Passoth, Volkmar; Hansson, Per-Anders; | G13: 2023 | H13: From straw to salmon: a technical design and energy balance for production of yeast oil for fish feed from wheat straw | I13: BACKGROUND: Aquaculture is a major user of plant-derived feed ingredients, such as vegetable oil. Production of vegetable oil and protein is generally more energy-intensive than production of the marine ingredients they replace, so increasing inclusion of vegetable ingredients increases the energy demand of the feed. Microbial oils, such as yeast oil made by fermentation of lignocellulosic hydrolysate, have been proposed as a complement to plant oils, but energy assessments of microbial oil production are needed. This study presents a mass and energy balance for a biorefinery producing yeast oil through conversion of wheat straw hydrolysate, with co-production of biomethane and power. RESULTS: The results showed that 1 tonne of yeast oil (37 GJ) would require 9.2 tonnes of straw, 14.7 GJ in fossil primary energy demand, 14.6 GJ of process electricity and 13.3 GJ of process heat, while 21.5 GJ of biomethane (430 kg) and 6 GJ of excess power would be generated simultaneously. By applying economic allocation, the fossil primary energy demand was estimated to 11.9 GJ per tonne oil. CONCLUSIONS: Fossil primary energy demand for yeast oil in the four scenarios studied was estimated to be 10-38% lower than for the commonly used rapeseed oil and process energy demand could be met by parallel combustion of lignin residues. Therefore, feed oil can be produced from existing non-food biomass without causing agricultural expansion. | J13: 10.1186/s13068-023-02392-2 | K13: Biotechnology for Biofuels and Bioproducts | L13: Other (previously known, citation chains) | M13: Article: peer reviewed | N13: 1 Department of Energy and Technology, Swedish University of Agricultural Sciences, 750 07 Uppsala, Sweden 2 Department of Molecular Sciences, Swedish University of Agricultural Sciences, 750 07 Uppsala, Sweden | O13: University | P13: Sweden | Q13: Nutritional omega-3 oils (PUFA-rich) | R13: PUFA yeast oil | S13: Extracted yeast oil | T13: Fatty-acid rich oil produced via yeast Rhodotorula babjevae on lignocellulosic hydrolysate from wheat straw | U13: Feed ingredient | V13: Aerobic (submerged) | W13: Continuous | X13: Yeast | Y13: Rhodosporidium toruloides | Z13: Gen 2 | AA13: Wheat straw | AB13: Cellulosic mixed sugars | AC13: The system starts with wheat straw production and harvest, including all relevant inputs, such as fertilisers, diesel and pesticides, followed by transport of straw to the biorefinery by truck. At the plant, the straw was assumed to be fed into a grinder and chopped to 6 mm size, then soaked in dilute sulphuric acid and exposed to steam explosion, followed by enzymatic hydrolysis and fermentation into lipid- rich yeast biomass. | AD13: Not specified | AE13: Not specified | AF13: Industrial | AG13: 9200 tonnes of yeast oil / year | AH13: NA | AI13: No dewatering mentioned, Homogenization (mechanical lysis), Extraction (Hexane solvent), Separation (liquid solid; unspecied), Solvent recovery (evaporation) | AJ13: For extracting the oil, the yeast cells were assumed to be mechanically disrupted by a homogeniser and mixed stepwise with hexane to dissolve the lipids. The yeast biomass was then separated from the lipid-solvent phase and hexane was recovered by evaporation, with an assumed loss of 0.5% | AK13: 0.2 g lipid/g sugar; 109 kg oil / tonne straw (9.2 tonnes straw / FU) | AL13: n.r. | AM13: Not specified; Food-grade oil assumed; 50% oil content per DW biomass | AN13: n.r. | AO13: 50% lipids per dry cell of biomass | AP13: Yeast cell waste to biogas; lignin to CHP (combined heat & power); digestate as fertilizer | AQ13: Attributional LCA | AR13: Prospective | AS13: Not specified (cradle to gate) | AT13: Assessment of a product | AU13: 1 tonne of yeast oil | AW13: Economic | AX13: By applying economic allocation, the fossil primary energy demand was estimated to 11.9 GJ per tonne oil. In the case of co-production of two or more products, economic allocation was used to determine the contribution of each product to the total energy demand and the impact of the allocation method chosen was evaluated in a sensitivity analysis. The energy demand for biomethane, power and yeast oil was determined by applying economic allocation. Primary energy demand (PED) data for inputs except for transport and enzymes were taken from the Ecoinvent database [37] | AY13: Not specified | BC13: Literature modeled, Other (not specified) | BD13: Ecoinvent | BF13: Process: modification, Other | BG13: • Fermentation+1 day (FERM+1), with the lipid pro- portion of cell dry weight reaching 65% after 4 days. • Fermentation − 1 day (FERM − 1), with the fermenta- tion time shortened by 1 day, resulting in a lipid pro- portion of 40%. • NITROREC, with recirculation of nitrogen in the outgoing process water back to yeast propagation. | BM13: Stirring the yeast broth during yeast propagation and lipid accumulation was the most power-demanding process in the biorefinery. | BN13: Process | BO13: Energy (stirring and aeration of yeast culture, fermentation at the biorefinery) | BP13: Energy demand: upstream cultivation | BT13: Stirring the yeast broth during yeast propagation and lipid accumulation was the most power-demanding process in the biorefinery.
A14: MO7 | B14: MO7 | C14: Microbial oils | D14: Zhang et al., 2022 | E14: 1. Eligible | F14: Zhang, Dan; An, Siyuan; Yao, Rao; Fu, Wen; Han, Yujie; Du, Ming; Chen, Zixi; Lei, Anping; Wang, Jiangxin; | G14: 2022 | H14: Life cycle assessment of auto-tropically cultivated economic microalgae for final products such as food, total fatty acids, and bio-oil | I14: Life cycle assessment (LCA) is a powerful tool to evaluate environmentally sustainable production or consumption of various goods or services. Microalgae are single-celled green factories and good resources of biofuels, bioactive products, food ingredients, and degradable biomaterials. Currently, microalgae are also valuable for mitigating elevated greenhouse gases like CO2 levels and treatment of wastewater. LCA evaluation was limited and separated, majorly in microalgal biofuels and heterotrophic cultivation. Comparative LCA for different final algal products such as algal powder, bio-oil, total fatty acid, and residue recycling is still limited, especially autotrophic algal cultivation for products other than bio-oils and biofuels. Thus, we chose several autotrophic cultivated microalgae and made a comparative LCA among these selected species and a detailed step-by-step production in Chlorella sp. Results indicated that we could significantly reduce the production cost and lower environmental impacts by selecting algal species and final products, optimizing methods for algal cultivation, biomass separation, and drying process, and land selection plus electricity renewable energy, together with thermal power plants nearby for CO2 or flu gas. It shed light on the insight of microalgal consumption selection under current international requirements and challenges for carbon sequestration. | J14: 10.3389/fmars.2022.990635 | K14: Frontiers in Marine Science | L14: Other (previously known, citation chains) | M14: Article: peer reviewed | N14: 1School of Mechanical Engineering, Xi’an Shiyou University, Xi’an, China, 2Shenzhen Key Laboratory of Marine Bioresource and Eco−Environmental Science, College of Life Sciences and Oceanography, Shenzhen University, Shenzhen, China, 3Shenzhen Engineering Laboratory for Marine Algal Biotechnology, College of Life Sciences and Oceanography, Shenzhen University, Shenzhen, China, 4Guangdong Provincial Key Laboratory for Plant Epigenetics, College of Life Sciences and Oceanography, Shenzhen University, Shenzhen, China | O14: University | P14: China | Q14: Bulk lipids (MUFA-/SFA-rich oils) | R14: MUFA microalgal oil | S14: 1 kg of extracted bio-oil from Chlorella | T14: Algal oil (bio-oil) and total fatty acids produced via autotrophic microalgae (Chlorella sp., Nannochloropsis oceanica) | U14: Food, Other, not specific | V14: Photoautotrophic (submerged) | W14: Batch | X14: Microalgae | Y14: Chlorella vulgaris | Z14: Gen 2 | AA14: Gas | AB14: CO2 | AD14: Not specified | AE14: Not specified | AF14: Industrial | AG14: n.r. | AH14: n.r. | AI14: Cell separation (flocculation), Homogenization (pressure mechanical lysis), Extraction (hexane), Separations (not specified), No oil refining mentioned | AJ14: Supplement only lists flocculation sedimentation, Pressure homogenization, wet extraction (no full biomass drying), phase separation. "According to previous literature, the Chlorella cultivation facilities are modeled from pilot-scale facilities (Lu et al., 2021). The microalgal cells collected from the open pond, coagulation (flocculation, algal slurry as the product), and centrifuging processes were modeled for dewatering. Then, the algae underwent pressure homogenization pretreatment to break cell walls (disruption, cell extracts as the product) and facilitate lipid extraction (bio-oil) (Clarens et al., 2011). The lipid was extracted with a solvent (hexane) process called “wet lipid extraction” with no intensive drying process needed. The input and output parameters are included in the Supplementary information (SI) (Table S1, Lu et al., 2021)." | AK14: n.r. | AL14: n.r. | AM14: n.r. | AN14: n.r. | AO14: n.r. | AP14: Residual biomass, water recycled where possible, no co-product credits applied in base model | AQ14: Attributional LCA | AS14: Cradle-to-gate | AT14: Comparison of a product: Assess and compare environmental impacts of different autotrophic microalgal products (bio-oil, TFA, food/biomass) | AU14: 1 kg of oil (omega-3/-6 rich) | AV14: Impacts calculated and reported per 1 kg final product | AW14: Not included | AX14: No allocation; all impacts assigned to product | AY14: Other | AZ14: eFootPrint | BA14: Not specified | BB14: USP, DSP | BC14: Literature modeled, Pilot-scale data | BD14: CLCD, Ecoinvent | BE14: Foreground Data Lu et al., 2021 (Chlorella, wet extraction), Gaber et al., 2021 (Nannochloropsis TFA) Foreground data source Literature, own modeling Secondary data (database) CLCD, Ecoinvent | BF14: Main: Chlorella bio-oil (wet extraction) - no scenarios | BH14: China | BI14: None; all microalgae products compared | BJ14: Comparative LCAs for different final microalgal products such as algal powder, bio-oil, total fatty acid, and residue recycling are still somehow limited, especially autotrophic algal cultivation for products other than bio-oils and biofuels. Thus, we chose several autotrophic cultivated microalgae, such as Haematococcus pluvialis, Desmodesmus subspicatus, and Nannochloropsis oceanica, to compare LCAs of selected species and a detailed step-by-step production in Chlorella sp. | BK14: No | BL14: No | BM14: For 1 kg Chlorella bio-oil (from wet extraction), the main impact drivers are: Cultivation stage: >80% of impacts for all categories (due to electricity for lighting, agitation, etc.) Extraction stage: Heat and NaOH become more important in bio-oil stage (heat = secondary GWP, NaOH = higher toxicity categories) Chemicals: Hexane (45.4 kg per kg oil), NaOH (22.9 kg), PAM (118.5 kg) are significant contributors. | BN14: Process | BO14: Cultivation electricity Heat for extraction Chemcials: hexane, NaOH, PAM | BP14: Energy demand: upstream cultivation | BQ14: Heat for extraction | BR14: Chemical production (hexane, NaOH) | BT14: For 1 kg Chlorella bio-oil (from wet extraction), the main impact drivers are: Cultivation stage: >80% of impacts for all categories (due to electricity for lighting, agitation, etc.) Extraction stage: Heat and NaOH become more important in bio-oil stage (heat = secondary GWP, NaOH = higher toxicity categories) Chemicals: Hexane (45.4 kg per kg oil), NaOH (22.9 kg), PAM (118.5 kg) are significant contributors. | BX14: 0.703 | BY14: 0.703 | BZ14: kgCO2eq / 1 kg bio-oil | CD14: 0.00066 | CE14: 0.00066 | CF14: kg PO4eq / FU | CJ14: 0.00549 | CK14: 0.00549 | CL14: kg SO2 eq / FU | CM14: 0.05799 | CN14: 0.05799 | CO14: kg U235 eq / FU | DB14: 0.12369 | DC14: 0.12369 | DD14: kg/FU | DH14: 0.00299 | DI14: 0.00299 | DJ14: g NMVOC e / FU | DK14: 0.00081 | DL14: 0.00081 | DM14: kg PM2.5 eq / FU | EI14: 1.49e-07 | EJ14: 1.49e-07 | EK14: g CFC-11 eq / FU | EL14: 3.3620309e-09 | EM14: 3.3620309e-09 | EN14: CTUh / FU | EU14: 0.00011 | EV14: 0.00011 | EW14: kg Sb eq / FU | FA14: 0.42675 | FB14: 0.42675 | FC14: CTUe / FU
A15: MO8 | B15: MO8.1 | C15: Microbial oils | D15: Togarcheti et al., 2021 | E15: 1. Eligible | F15: Togarcheti, SC; Padamati, RB | G15: 2021 | H15: Comparative Life Cycle Assessment of EPA and DHA Production from Microalgae and Farmed Fish | I15: The present study aims at comparing the life cycle environmental impacts of polyunsaturated fatty acids production (PUFA) from microalgae and farmed fish. PUFA production from microalgae cultivated via heterotrophy and photoautotrophy was assessed and compared. The primary energy demand (PED) and environmental impacts (EI) of PUFA production from microalgae via heterotrophy were significantly lower compared to PUFA produced via photoautotrophy. Furthermore, PED and EI of PUFA production from fish farmed in marine net pens were assessed. The results indicated that the PED and EI of PUFA production from farmed fish are higher than that produced from microalgae cultivated via heterotrophy. Therefore, the results suggest that PUFA produced from microalgae via heterotrophy could substitute fish oil from an environmental perspective. Furthermore, life cycle analysis results indicate that PUFA derived from microalgae could potentially replace fish oil in the fish feed, thus reducing the pressure on oceans. | J15: 10.3390/cleantechnol3040042 | K15: Clean Technologies | L15: Dimensions, Web of Science, "Other (previously known, citation chains)" | M15: Article: peer reviewed | N15: 1School of Chemistry, Trinity College Dublin, D02CP49 Dublin, Ireland; babup@tcd.ie AMBER Centre, CRANN Institute, Trinity College Dublin, D02CP49 Dublin, Ireland Bioorbic Bioeconomy Centre, University College Dublin, D02CP49 Dublin, Ireland | O15: University | P15: Ireland | Q15: Nutritional omega-3 oils (PUFA-rich) | R15: PUFA microalgal oil | S15: EPA+DHA production from microalgae via photoautotrophic mode of cultivation | T15: Microalgal oil: Phaeodactylum tricornutum (photoautotrophic, tubular PBR) and Schizochytrium sp. (heterotrophic, fermenter). | U15: Food ingredient | V15: Photoautotrophic (submerged) | W15: Batch | X15: Microalgae | Y15: Phaeodactylum tricornutum | Z15: Gen 2 | AA15: Gas | AB15: CO2 | AD15: Not specified | AE15: Not specified | AF15: Industrial | AG15: n.r. | AH15: n.r. | AI15: Cell separation (flocculation), Cell separation (centrifugation), Drying (spray dry), Extraction (not specified), Oil refining (degum/neutralize/decolor/deodor) | AJ15: Microalgal oil: no solvent extraction step modeled in detail. Supplementary data inlcudes LCI infomraiton for flocculation, centrifugation, and "extraction and refining". LCI for DSP extraction does not include a solvent or energy usage. Materials are common for refining process. | AK15: n.r. | AL15: 5 | AM15: >90% lipid | AN15: n.r. | AO15: 0.2 | AP15: None credited or explored | AQ15: Attributional LCA | AR15: 2021 | AS15: Cradle-to-gate | AT15: Assessment of a product, Comparison of a product | AU15: 1 kg oil (omega-3 rich) | AV15: All results per 1 kg EPA+DHA (oil) | AW15: Not included | AY15: Other (CMLv4.4), CML 2001 | AZ15: GaBi software (Version 9.5.1) | BA15: Industrial | BB15: USP, DSP | BC15: Literature modeled | BD15: Gabi (Sphera), Literature | BE15: The data regarding biomass productivity, lipid content, EPA+DHA content of microalgae from photoautotrophic (Phaeodactylum Tricornutum) and heterotrophic (Schizochytrium sps) modes of cultivation were considered from the literature | BF15: Other | BG15: Phototrophic vs heterotrophic modes of cultivation | BH15: Europe | BI15: Fish oil | BK15: No | BL15: No | BM15: Togarcheti et al. (2021): The only comparative LCA of farmed fish oil, Togarcheti et al. (2021) found that heterotrophic microalgal EPA+DHA production (Schizochytrium sp.) had markedly lower GWP, acidification, ecotoxicity, and eutrophication than farmed fish oil — by approximately 99% across categories. This was driven primarily by the energy intensity of fish farming and grain-based feed production, though the absence of land use, water use, and biotic resource use metrics limits the completeness of the comparison. Cultivation/farming of microalgae is a major contributor to all the environmental impacts assessed due to electricity usage during the cultivation/farming of microalgae. | BN15: Process | BO15: The main factor attributing to the PED: requirement of energy for mixing the culture components. | BP15: Energy demand: upstream cultivation | BQ15: Energy demand: spray drying / harvesting | BR15: Productivity/yield | BT15: Togarcheti et al. (2021): The only comparative LCA of farmed fish oil, Togarcheti et al. (2021) found that heterotrophic microalgal EPA+DHA production (Schizochytrium sp.) had markedly lower GWP, acidification, ecotoxicity, and eutrophication than farmed fish oil — by approximately 99% across categories. This was driven primarily by the energy intensity of fish farming and grain-based feed production, though the absence of land use, water use, and biotic resource use metrics limits the completeness of the comparison. Cultivation/farming of microalgae is a major contributor to all the environmental impacts assessed due to electricity usage during the cultivation/farming of microalgae. | BX15: 147.0933 | BY15: 147.0933 | BZ15: kg CO2 eq. / FU (100 years) | CJ15: 0.7599 | CL15: kg SO2 eq. / FU | CV15: 2.73 × 10⁻¹¹ | CX15: kg R11 eq. | DH15: 0.0821 | DJ15: kg Ethene eq. / FU | EC15: 0.1803 | ED15: 0.1803 | EE15: kg Phosphate eq. / FU | EL15: 5.194 | EN15: kg DCB eq. / FU | EU15: 0.01860515 | EW15: kg Sb eq / FU | EX15: 1980.999 | EZ15: MJ / FU | FA15: 0.5521 | FC15: kg DCB eq. / FU | FD15: 5917.081 | FF15: kg DCB eq. /FU | FG15: 0.4029 | FI15: kg DCB eq. / FU
A16: MO8 | B16: MO8.2 | C16: Microbial oils | D16: Togarcheti et al., 2021 | E16: 1. Eligible | F16: Togarcheti, SC; Padamati, RB | G16: 2021 | H16: Comparative Life Cycle Assessment of EPA and DHA Production from Microalgae and Farmed Fish | I16: The present study aims at comparing the life cycle environmental impacts of polyunsaturated fatty acids production (PUFA) from microalgae and farmed fish. PUFA production from microalgae cultivated via heterotrophy and photoautotrophy was assessed and compared. The primary energy demand (PED) and environmental impacts (EI) of PUFA production from microalgae via heterotrophy were significantly lower compared to PUFA produced via photoautotrophy. Furthermore, PED and EI of PUFA production from fish farmed in marine net pens were assessed. The results indicated that the PED and EI of PUFA production from farmed fish are higher than that produced from microalgae cultivated via heterotrophy. Therefore, the results suggest that PUFA produced from microalgae via heterotrophy could substitute fish oil from an environmental perspective. Furthermore, life cycle analysis results indicate that PUFA derived from microalgae could potentially replace fish oil in the fish feed, thus reducing the pressure on oceans. | J16: 10.3390/cleantechnol3040042 | K16: Clean Technologies | L16: Dimensions, Web of Science, "Other (previously known, citation chains)" | M16: Article: peer reviewed | N16: 1School of Chemistry, Trinity College Dublin, D02CP49 Dublin, Ireland; babup@tcd.ie AMBER Centre, CRANN Institute, Trinity College Dublin, D02CP49 Dublin, Ireland Bioorbic Bioeconomy Centre, University College Dublin, D02CP49 Dublin, Ireland | O16: University | P16: Ireland | Q16: Nutritional omega-3 oils (PUFA-rich) | R16: PUFA microalgal oil | S16: EPA+DHA production from microalgae via heterotrophic mode of cultivation | T16: Microalgal oil: Phaeodactylum tricornutum (photoautotrophic, tubular PBR) and Schizochytrium sp. (heterotrophic, fermenter). | U16: Food ingredient | V16: Aerobic (submerged) | W16: Batch | X16: Microalgae | Y16: Schizochytrium sps | Z16: Gen 1 | AA16: Not specified | AB16: Glucose | AD16: Not specified | AE16: Not specified | AF16: Industrial | AG16: n.r. | AH16: n.r. | AI16: Cell separation (flocculation), Cell separation (centrifugation), Drying (spray dry), Extraction (not specified), Oil refining (degum/neutralize/decolor/deodor) | AJ16: Microalgal oil: no solvent extraction step modeled in detail. Supplementary data inlcudes LCI infomraiton for flocculation, centrifugation, and "extraction and refining". LCI for DSP extraction does not include a solvent or energy usage. Materials are common for refining process. | AK16: 2 kg/ kg of biomass | AL16: 10-100 | AM16: >90% lipid | AN16: n.r. | AO16: n.r. | AP16: None credited or explored | AQ16: Attributional LCA | AR16: 2021 | AS16: Cradle-to-gate | AT16: Assessment of a product, Comparison of a product | AU16: 1 kg oil (omega-3 rich) | AV16: All results per 1 kg EPA+DHA (oil) | AW16: Not included | AY16: Other (CMLv4.4), CML 2001 | AZ16: GaBi software (Version 9.5.1) | BA16: Industrial | BB16: USP, DSP | BC16: Literature modeled | BD16: Gabi (Sphera), Literature | BE16: The data regarding biomass productivity, lipid content, EPA+DHA content of microalgae from photoautotrophic (Phaeodactylum Tricornutum) and heterotrophic (Schizochytrium sps) modes of cultivation were considered from the literature | BF16: Other | BG16: Phototrophic vs heterotrophic modes of cultivation | BH16: Europe | BI16: Fish oil | BK16: No | BL16: No | BM16: Togarcheti et al. (2021): The only comparative LCA of farmed fish oil, Togarcheti et al. (2021) found that heterotrophic microalgal EPA+DHA production (Schizochytrium sp.) had markedly lower GWP, acidification, ecotoxicity, and eutrophication than farmed fish oil — by approximately 99% across categories. This was driven primarily by the energy intensity of fish farming and grain-based feed production, though the absence of land use, water use, and biotic resource use metrics limits the completeness of the comparison. Cultivation/farming of microalgae is a major contributor to all the environmental impacts assessed due to electricity usage during the cultivation/farming of microalgae. | BN16: Process | BO16: The main factor attributing to the PED: requirement of energy for mixing the culture components. PED of heterotrophic cultivation can be minimized via supplementation of food-grade industrial effluents such as dairy effluent rich in sugars as an alternative to the supplementation of glucose. | BP16: Energy demand: upstream cultivation | BQ16: Energy demand: spray drying / harvesting | BR16: Feedstock production (glucose/fertilizer for microalgae) | BT16: Togarcheti et al. (2021): The only comparative LCA of farmed fish oil, Togarcheti et al. (2021) found that heterotrophic microalgal EPA+DHA production (Schizochytrium sp.) had markedly lower GWP, acidification, ecotoxicity, and eutrophication than farmed fish oil — by approximately 99% across categories. This was driven primarily by the energy intensity of fish farming and grain-based feed production, though the absence of land use, water use, and biotic resource use metrics limits the completeness of the comparison. Cultivation/farming of microalgae is a major contributor to all the environmental impacts assessed due to electricity usage during the cultivation/farming of microalgae. | BX16: 140.084 | BY16: 140.084 | BZ16: kg CO2 eq. / FU (100 years) | CJ16: 0.3321 | CL16: kg SO2 eq. /FU | CV16: 4.07 × 10⁻¹¹ | CX16: kg R11 eq. | DH16: 0.0256 | DJ16: kg Ethene eq. / FU | EC16: 0.0399 | ED16: 0.0399 | EE16: kg Phosphate eq. / FU | EL16: 7.25 | EN16: kg DCB eq. / FU | EU16: 0.00112 | EW16: kg Sb eq / FU | EX16: 1603.35 | EZ16: MJ /FU | FA16: 0.4289 | FC16: kg DCB eq. / FU | FD16: 11833.14 | FF16: kg DCB eq. /FU | FG16: 0.1705 | FI16: kg DCB eq. / FU
A17: MO9 | B17: MO9.1 | C17: Microbial oils | D17: McKuin et al., 2021 | E17: 1. Eligible | F17: McKuin, BL; Kapuscinski, AR; Sarker, PK; Cheek, N; Colwell, A; Schoffstall, B; Greenwood, C | G17: 2021 | H17: Comparative life cycle assessment of heterotrophic microalgae Schizochytrium and fish oil in sustainable aquaculture feeds | I17: Fish oil is primarily extracted from small marine pelagic fishes, reducing their availability for marine wildlife forage and artisanal fishing catches that support food security in lower income coastal nations. A primary use of fish oil is in feeds for aquaculture, the world's fastest growing food sector. Efforts to transition fed aquaculture to sustainability includes replacing fish oil in aquafeeds with more environmentally responsible alternative ingredients. The heterotrophic marine microalga Schizochytrium sp., one of the first commercialized alternatives, lacks an open-access, systematic analysis of environmental impacts of substituting fish oil with heterotrophic microalgae from biorefineries. This study compared the cradle to factory-gate life cycle impacts of fish oil to whole-cell or extracted oil of Schizochytrium combined with canola oil. We conducted an attributional life cycle assessment using inventory data collected from published literature and patents and received feedback on commercial relevance of model assumptions from industry advisors. We examined sugar from a Brazilian sugarcane biorefinery and sucrose from U.S. sugar beets as feedstocks for heterotrophic cultivation of Schizochytrium; and compared life cycle impacts of extracting Schizochytrium oil using solvent-free microwave extraction to conventional solvent extraction. Results were that: cultivation processes had the largest overall effect for both products in both regions; whole-cell Schizochytrium combined with canola oil had significantly lower environmental impacts, in all assessed categories, than Schizochytrium oil blended with canola oil; and conventional solvent extraction had significantly lower environmental impacts compared to solvent-free microwave extraction except global warming potential. Schizochytrium products, compared to fish oil, had substantially lower biotic resource depletion and, in the case of whole cells combined with canola oil, had significantly lower global warming potential but higher impacts for all other categories, primarily because commercial Schizochytrium production used sugar feedstocks as carbon and energy sources. The mix of lower and higher environmental impacts of Schizochytrium products illustrates the importance of openly identifying environmental trade-offs to inform evidence-based decisions for commercial practices. Environmental impacts should also be weighed against potential human health benefits of maintaining omega- 3 fatty acids and avoiding contaminants in fish flesh when considering alternatives to fish oil. | J17: 10.1525/elementa.2021.00098 | K17: Elementa: Science of the Anthropocene | L17: Dimensions, Web of Science, "Other (previously known, citation chains)" | M17: Article: peer reviewed | N17: 1Department of Environmental Studies, University of California, Santa Cruz, CA, USA | O17: University | P17: United States | Q17: Nutritional omega-3 oils (PUFA-rich) | R17: PUFA microalgal oil | S17: Schizochytrium oil extracted with solvent-free microwave extraction. Schizochytrium sp. oil produced by heterotrophic fermentation (sugar-based) with microwave and solvent extraction options modeled | T17: We sought to test whether Schizochytrium products combined with canola oil provides environmental benefits compared to the benchmark, fish oil | U17: Food ingredient | V17: Aerobic (submerged) | W17: n.r. | X17: Microalgae | Y17: Schizochytrium sp | Z17: Gen 1 | AA17: Sugarbeet | AB17: Sucrose | AC17: Agricultural production of sugar beets; processing of sugar beets into sucrose with coproducts molasses and beet pulp as feed | AD17: Yes | AE17: Not specified | AF17: Industrial | AG17: n.r. | AH17: 155 m3 | AI17: Cell separation (centrifugation), Homogenization (pressure mechanical lysis), Extraction (solvent-free microwave), Oil refining (degumming/neutralization/bleaching), Formulation (blend with canola) | AJ17: Schizochytrium is harvested by dewatering processes; the oil is extracted from the whole-cell Schizochytrium and the lipid extracted residual (biowaste) is anaerobically digested; the coproduct of the anaerobically digested biowaste is biogas which is burned in a boiler to provide heat for Schizochytrium production processes; the crude Schizochytrium oil is refined. The oil extraction process would be followed by decanter-bowl centrifuge processing to separate the solid and liquid fractions, and disc-stack centrifuge processing to separate the oil and water. We modeled anaerobic digestion of the lipid extracted residuals which supplies enough biogas to generate heat for sterilization and thermal control of the fermenter, and oil refining activities | AK17: 2.06 kg sucrose/kg biomass (see Table S2), 0.54 kg oil/kg biomass | AL17: 141 g/L biomass | AO17: 0.54 | AP17: Residuals to anaerobic digestion | AQ17: Attributional LCA | AR17: 2020-2021 | AS17: Cradle-to-factory gate | AT17: Assessment of a product, Comparison of a product | AU17: 1-kg Schizochytrium oil | AV17: "iso-lipidic and iso-DHA replacements for 1-kg fish oil which has a DHA content of 130-g" | AW17: Economic | AX17: Also compared on DHA-equivalent and blended oil basis (see S1.2) Allocation criterion: Economic allocation for co-products (detailed in supplement S1.1.1) Allocation detail: e.g., for sugar beet: sugar, molasses, and beet pulp; for fish oil: fish meal/byproduct allocation We used an economic allocation of 91.7% to sucrose from sugar beets, and with coproducts of molasses with an economic allocation of 4.5% to the coproduct molasses, and an economic allocation of 3.8% beet pulp as feed | AY17: ReCiPe 2016 Midpoint | AZ17: SimaPro v.8.5.2.0 software | BA17: Industrial | BB17: USP, DSP, Feedstock processing | BC17: Literature modeled, Expert interview | BD17: Ecoinvent | BE17: Foreground data source: Published data, e.g. Bailey et al. (2008), Orfield et al. (2015) Secondary data (database): Ecoinvent v3.4, Agri-footprint database Adapted Ecoinvent 3.4 datasets for background data (e.g., electricity, water supply, heat generation, and crop ingredients; | BF17: Process: modification | BG17: Solvent-free microwave extraction vs conventional hexane solvent extraction | BH17: United States | BI17: Fish oil | BK17: Yes | BL17: Yes | BM17: McKuin et al. (2022): McKuin acknowledges the need to evaluate aquafeeds across further impact categories, especially biotic resource depletion, land use, and water consumption. McKuin et al. (2022) found that whole-cell Schizochytrium blended with canola oil had modestly lower GWP, while extracted DHA-oil had 58% higher GWP compared to fish oil. However, both whole-cell and extracted DHA-rich oils performed substantially worse across water use, land use, and eutrophication, with sugar feedstock production identified as the dominant hotspot driving these trade-offs. Mckuin et al. was the only fish oil comparator study to measure biotic resource use, a measure of the depletion and degradation of renewable living resources (e.g., fisheries) , with microalgal DHA having a substantially lower biotic resource use than fish oil by approximately 96%. Though, this metric was measured outside of ReCiPe 2016 method, as it’s not a harmonized midpoint category. Most influential: fermentation cycle time, oil recovery efficiency, biomass yield, sucrose concentration. Sucrose had the largest impact across environmental indicators except not for water use; Electricity consumption was also a key driver for the global warming potential and freshwater eutrophication potential. | BN17: Process | BO17: Fermentation energy (electricity/heat) sucrose feedstock oil extraction/refining, drying. Hotspot 1: Fermentation (energy use: electricity & heat) – up to 40% of GWP. Hotspot 2: Sucrose feedstock production (notably for water/land use, eutrophication). Hotspot 3: Downstream process: Harvesting, oil extraction and refining (energy and solvents, especially in solvent extraction scenario). | BP17: Feedstock input: sucrose (cultivation) | BQ17: Electricity (cultivation) | BR17: Downstream process: Harvesting, oil extraction (energy and chemicals/solvents) | BS17: Input: Canola oil blend | BT17: McKuin et al. (2022): McKuin acknowledges the need to evaluate aquafeeds across further impact categories, especially biotic resource depletion, land use, and water consumption. McKuin et al. (2022) found that whole-cell Schizochytrium blended with canola oil had modestly lower GWP, while extracted DHA-oil had 58% higher GWP compared to fish oil. However, both whole-cell and extracted DHA-rich oils performed substantially worse across water use, land use, and eutrophication, with sugar feedstock production identified as the dominant hotspot driving these trade-offs. Mckuin et al. was the only fish oil comparator study to measure biotic resource use, a measure of the depletion and degradation of renewable living resources (e.g., fisheries) , with microalgal DHA having a substantially lower biotic resource use than fish oil by approximately 96%. Though, this metric was measured outside of ReCiPe 2016 method, as it’s not a harmonized midpoint category. Most influential: fermentation cycle time, oil recovery efficiency, biomass yield, sucrose concentration. Sucrose had the largest impact across environmental indicators except not for water use; Electricity consumption was also a key driver for the global warming potential and freshwater eutrophication potential. | BX17: 8.93 | BY17: 9.26 | BZ17: kg CO2 eq. / FU | CA17: 5.12 | CB17: 5.23 | CC17: m2 land / FU | CD17: 0.00357 | CE17: 0.00371 | CF17: kg P / FU | CG17: 0.0105 | CH17: 0.0109 | CI17: kg nitrogen / FU | DB17: 1.22 | DC17: 1.33 | DD17: m3 water / FU | FJ17: 14.9 | FK17: 15.3 | FL17: kg Carbon / FU
A18: MO9 | B18: MO9.2 | C18: Microbial oils | D18: McKuin et al., 2021 | E18: 1. Eligible | F18: McKuin, BL; Kapuscinski, AR; Sarker, PK; Cheek, N; Colwell, A; Schoffstall, B; Greenwood, C | G18: 2021 | H18: Comparative life cycle assessment of heterotrophic microalgae Schizochytrium and fish oil in sustainable aquaculture feeds | I18: Fish oil is primarily extracted from small marine pelagic fishes, reducing their availability for marine wildlife forage and artisanal fishing catches that support food security in lower income coastal nations. A primary use of fish oil is in feeds for aquaculture, the world's fastest growing food sector. Efforts to transition fed aquaculture to sustainability includes replacing fish oil in aquafeeds with more environmentally responsible alternative ingredients. The heterotrophic marine microalga Schizochytrium sp., one of the first commercialized alternatives, lacks an open-access, systematic analysis of environmental impacts of substituting fish oil with heterotrophic microalgae from biorefineries. This study compared the cradle to factory-gate life cycle impacts of fish oil to whole-cell or extracted oil of Schizochytrium combined with canola oil. We conducted an attributional life cycle assessment using inventory data collected from published literature and patents and received feedback on commercial relevance of model assumptions from industry advisors. We examined sugar from a Brazilian sugarcane biorefinery and sucrose from U.S. sugar beets as feedstocks for heterotrophic cultivation of Schizochytrium; and compared life cycle impacts of extracting Schizochytrium oil using solvent-free microwave extraction to conventional solvent extraction. Results were that: cultivation processes had the largest overall effect for both products in both regions; whole-cell Schizochytrium combined with canola oil had significantly lower environmental impacts, in all assessed categories, than Schizochytrium oil blended with canola oil; and conventional solvent extraction had significantly lower environmental impacts compared to solvent-free microwave extraction except global warming potential. Schizochytrium products, compared to fish oil, had substantially lower biotic resource depletion and, in the case of whole cells combined with canola oil, had significantly lower global warming potential but higher impacts for all other categories, primarily because commercial Schizochytrium production used sugar feedstocks as carbon and energy sources. The mix of lower and higher environmental impacts of Schizochytrium products illustrates the importance of openly identifying environmental trade-offs to inform evidence-based decisions for commercial practices. Environmental impacts should also be weighed against potential human health benefits of maintaining omega- 3 fatty acids and avoiding contaminants in fish flesh when considering alternatives to fish oil. | J18: 10.1525/elementa.2021.00098 | K18: Elementa: Science of the Anthropocene | L18: Dimensions, Web of Science, "Other (previously known, citation chains)" | M18: Article: peer reviewed | N18: 1Department of Environmental Studies, University of California, Santa Cruz, CA, USA | O18: University | P18: United States | Q18: Nutritional omega-3 oils (PUFA-rich) | R18: PUFA microalgal oil | S18: Schizochytrium oil extracted with conventional solvent methods. Schizochytrium sp. oil produced by heterotrophic fermentation (sugar-based) with microwave and solvent extraction options modeled | T18: We sought to test whether Schizochytrium products combined with canola oil provides environmental benefits compared to the benchmark, fish oil | U18: Food ingredient | V18: Aerobic (submerged) | W18: n.r. | X18: Microalgae | Y18: Schizochytrium sp | Z18: Gen 1 | AA18: Sugarbeet | AB18: Sucrose | AC18: Agricultural production of sugar beets; processing of sugar beets into sucrose with coproducts molasses and beet pulp as feed | AD18: Yes | AE18: Not specified | AF18: Industrial | AG18: n.r. | AH18: 155 m3 | AI18: Cell separation (centrifugation), Homogenization (pressure mechanical lysis), Extraction (hexane), Oil refining (degumming/neutralization/bleaching), Formulation (blend with canola) | AJ18: Schizochytrium is harvested by dewatering processes; the oil is extracted from the whole-cell Schizochytrium and the lipid extracted residual (biowaste) is anaerobically digested; the coproduct of the anaerobically digested biowaste is biogas which is burned in a boiler to provide heat for Schizochytrium production processes; the crude Schizochytrium oil is refined. High-pressure homogenization followed by oil extraction with hexane solvent, We modeled anaerobic digestion of the lipid extracted residuals, heat for processing | AK18: 2.06 kg sucrose/kg biomass (see Table S2), 0.54 kg oil/kg biomass | AL18: 141 g/L biomass | AO18: 0.54 | AP18: Residuals to anaerobic digestion | AQ18: Attributional LCA | AR18: 2020-2021 | AS18: Cradle-to-factory gate | AT18: Assessment of a product, Comparison of a product | AU18: 1-kg Schizochytrium oil | AV18: "iso-lipidic and iso-DHA replacements for 1-kg fish oil which has a DHA content of 130-g" | AW18: Economic | AX18: Also compared on DHA-equivalent and blended oil basis (see S1.2) Allocation criterion: Economic allocation for co-products (detailed in supplement S1.1.1) Allocation detail: e.g., for sugar beet: sugar, molasses, and beet pulp; for fish oil: fish meal/byproduct allocation We used an economic allocation of 91.7% to sucrose from sugar beets, and with coproducts of molasses with an economic allocation of 4.5% to the coproduct molasses, and an economic allocation of 3.8% beet pulp as feed | AY18: ReCiPe 2016 Midpoint | AZ18: SimaPro v.8.5.2.0 software | BA18: Industrial | BB18: USP, DSP, Feedstock processing | BC18: Literature modeled, Expert interview | BD18: Ecoinvent | BE18: Foreground data source: Published data, e.g. Bailey et al. (2008), Orfield et al. (2015) Secondary data (database): Ecoinvent v3.4, Agri-footprint database Adapted Ecoinvent 3.4 datasets for background data (e.g., electricity, water supply, heat generation, and crop ingredients; | BF18: Process: modification | BG18: Solvent-free microwave extraction vs conventional hexane solvent extraction | BH18: United States | BI18: Fish oil | BK18: Yes | BL18: Yes | BM18: McKuin et al. (2022): McKuin acknowledges the need to evaluate aquafeeds across further impact categories, especially biotic resource depletion, land use, and water consumption. McKuin et al. (2022) found that whole-cell Schizochytrium blended with canola oil had modestly lower GWP, while extracted DHA-oil had 58% higher GWP compared to fish oil. However, both whole-cell and extracted DHA-rich oils performed substantially worse across water use, land use, and eutrophication, with sugar feedstock production identified as the dominant hotspot driving these trade-offs. Mckuin et al. was the only fish oil comparator study to measure biotic resource use, a measure of the depletion and degradation of renewable living resources (e.g., fisheries) , with microalgal DHA having a substantially lower biotic resource use than fish oil by approximately 96%. Though, this metric was measured outside of ReCiPe 2016 method, as it’s not a harmonized midpoint category. Most influential: fermentation cycle time, oil recovery efficiency, biomass yield, sucrose concentration. Sucrose had the largest impact across environmental indicators except not for water use; Electricity consumption was also a key driver for the global warming potential and freshwater eutrophication potential. | BN18: Process | BO18: Fermentation energy (electricity/heat) sucrose feedstock oil extraction/refining, drying. Hotspot 1: Fermentation (energy use: electricity & heat) – up to 40% of GWP. Hotspot 2: Sucrose feedstock production (notably for water/land use, eutrophication). Hotspot 3: Downstream process: Harvesting, oil extraction and refining (energy and solvents, especially in solvent extraction scenario). | BP18: Feedstock input: sucrose (cultivation) | BQ18: Electricity (cultivation) | BR18: Downstream process: Harvesting, oil extraction (energy and chemicals) | BS18: Input: Canola oil blend | BT18: McKuin et al. (2022): McKuin acknowledges the need to evaluate aquafeeds across further impact categories, especially biotic resource depletion, land use, and water consumption. McKuin et al. (2022) found that whole-cell Schizochytrium blended with canola oil had modestly lower GWP, while extracted DHA-oil had 58% higher GWP compared to fish oil. However, both whole-cell and extracted DHA-rich oils performed substantially worse across water use, land use, and eutrophication, with sugar feedstock production identified as the dominant hotspot driving these trade-offs. Mckuin et al. was the only fish oil comparator study to measure biotic resource use, a measure of the depletion and degradation of renewable living resources (e.g., fisheries) , with microalgal DHA having a substantially lower biotic resource use than fish oil by approximately 96%. Though, this metric was measured outside of ReCiPe 2016 method, as it’s not a harmonized midpoint category. Most influential: fermentation cycle time, oil recovery efficiency, biomass yield, sucrose concentration. Sucrose had the largest impact across environmental indicators except not for water use; Electricity consumption was also a key driver for the global warming potential and freshwater eutrophication potential. | BX18: 8.71 | BY18: 9.05 | BZ18: kg CO2 eq. / FU | CA18: 4.57 | CB18: 4.66 | CC18: m2 land / FU | CD18: 0.00333 | CE18: 0.00347 | CF18: kg P / FU | CG18: 0.0094 | CH18: 0.00968 | CI18: kg nitrogen / FU | DB18: 1.09 | DC18: 1.18 | DD18: m3 water / FU | FJ18: 13.2 | FK18: 13.6 | FL18: kg Carbon / FU
A19: MO10 | B19: MO10 | C19: Microbial oils | D19: Bartek et al., 2021 | E19: 1. Eligible | F19: Bartek, L; Strid, I; Henryson, K; Junne, S; Rasi, S; Eriksson, M | G19: 2021 | H19: Life cycle assessment of fish oil substitute produced by microalgae using food waste | I19: Fish oil has been used in conventional aquaculture for decades, despite the known links between increasing global demand for fish and depletion of natural resources and vital ecosystems (FAO, 2020, 2019). Alternative feed ingredients, including algae oil rich in docosahexaenoic acid (DHA), has therefore been increasingly used to substitute traditional fish oil. Heterotrophic algae cultivation in bioreactors can be supported by a primary carbon feedstock recovered from food waste, a solution that could reduce environmental impacts and support the transition towards circular food systems. This study used life cycle assessment to quantify environmental impact of DHA produced by the heterotrophic algae Crypthecodinium cohnii, using short-chain carboxylic acids derived from dark fermentation of food waste. The future potential of DHA from algae was evaluated by comparing the environmental impact to that of DHA from Peruvian anchovy oil. With respect to global warming, terrestrial acidification, freshwater eutrophication and land use, algae oil inferred-52 ton CO(2)eq, 3.5 ton SO(2)eq,-94 kg Peq, 2700 m(2) eq, respectively per ton DHA. In comparison, the impact per ton DHA from fish oil was-15 ton CO(2)eq, 3.9 ton SO(2)eq,-97 kg Peq and 3200 m(2) eq. Furthermore, algae oil showed lower climate impact compared to canola and linseed oil. By including Ecosystem damage as indicator for ecosystem quality at endpoint level, the important aspect of biodiversity impact was accounted for. Although the method primarily accounts for indirect effects on biodiversity, DHA from algae oil showed lower Ecosystem damage compared to fish oil even when future energy development, optimized production, increased energy demand and effects on biotic resources were considered via sensitivity analyses. As the results suggest, algae oil holds a promising potential for increased sustainability within aquaculture, provided that continued development and optimization of this emerging technology is enabled through active decision-making and purposeful investments. (C) 2021 The Author(s). Published by Elsevier B.V. on behalf of Institution of Chemical Engineers. | J19: 10.1016/j.spc.2021.04.033 | K19: Sustainable Production and Consumption | L19: Dimensions, Web of Science, "Other (previously known, citation chains)" | M19: Article: peer reviewed | N19: a Swedish University of Agricultural Sciences, Uppsala, Sweden b Technische Universität Berlin, Berlin, Germany c Natural Resources Institute Finland, Helsinki, Finland | O19: University | P19: Sweden, Germany, Finland | Q19: Nutritional omega-3 oils (PUFA-rich) | R19: PUFA microalgal oil | S19: DHA-rich microalgal oil | T19: Fish oil substitute. Production of algae oil via heterotrophic cultivation of C. cohnii, using VFA extracted from DF as the primary feedstock, and EnergyDF that represent energy production using the remaining food waste and algae biomass to produce biohydrogen and biogas. | U19: Food ingredient | V19: Aerobic (submerged) | W19: Batch | X19: Microalgae | Y19: Crypthecodinium cohnii | Z19: Gen 2 | AA19: Food waste, Anaerobic digestion | AB19: Volatile fatty acids (VFAs) | AC19: VFA extraction and anaerobic digestion. | AD19: Maybe | AE19: Not specified | AF19: Industrial | AG19: n.r. | AH19: Not specified | AI19: Cell separation (harvest unspecified), Homogenization (mechanical mill/pressure), Separations (unspecified), No refining included, Transport (no packaging defined) | AJ19: The oil separation process involves cell disruption using an oil mill, while additional electricity is used for mechanical pressing and heat was used for pre-treatment, extraction and drying of biomass. Mechanical pressing was favoured over chemical means to extract the DHAcontaining oleaginous fraction from the biomass since the algae oil was intended for food. | AK19: n.r. | AL19: n.r. | AM19: n.r. | AN19: n.r. | AO19: 0.24 | AP19: Remaining solids and food waste digestate used for biogas and biohydrogen; electricity/heat credited via system expansion | AQ19: Attributional LCA | AR19: Prospective | AS19: Cradle-to-gate (transport) | AT19: Assessment of a product, Comparison of a product | AU19: 1 ton DHA | AV19: Mass-based, 1 t DHA (also per kg oil for product perspective) | AW19: System expansion | AX19: Substitution via system expansion was used in the foreground system. System expansion: co-products (electricity, heat) included via avoided burden; no economic/mass allocation to allocate the environmental burden between the two main byproducts electricity and heat | AY19: ReCiPe 2016 Midpoint, ReCiPe 2016 Endpoint | AZ19: SimaPro 9 | BA19: Industrial | BB19: USP, DSP | BC19: Literature modeled, Lab data modeled | BD19: Ecoinvent | BE19: Data from Ecoinvent 3.5 were used for the background system | BF19: Comparators | BG19: (1) Algae scenario (Berlin, Germany); (2) Fish scenario (Lima, Peru); multiple sensitivity tests (energy, VFA yield, life support function) | BH19: Germany | BI19: Fish oil (Peruvian anchovy) | BJ19: Both modeled per 1 t DHA, same food waste biogas use for energy credit | BK19: Yes | BL19: No | BM19: Bartek et al. (2021): Bartek et al. (2021) found that DHA production from Schizochytrium cultivated on food waste, compared to fish oil, had significantly lower GWP (-271% reduction), minor land use and acidification benefits, and comparable freshwater eutrophication (+3%), with cultivation energy and feedstock supply identified as the dominant hotspots across all assessed categories. For end-point impacts, microalgal DHA had 32% reduction in total ecosystem damage. For global warming and freshwater eutrophication, the highest environmental impact in both scenarios occurred during the pre-treatment of food waste, while the most contributing process for terrestrial acidification and land use was energy production and anaerobic digestion, respectively. Major drivers: energy production, food waste pre-treatment, dark fermentation (for algae oil) | BN19: Process | BO19: Energy production, pretreatment of food waste, anaerobic digestion | BP19: Pretreatment of food waste | BQ19: Energy use for pre-treatment/fermentation | BR19: Anaerobic digestion | BT19: Bartek et al. (2021): Bartek et al. (2021) found that DHA production from Schizochytrium cultivated on food waste, compared to fish oil, had significantly lower GWP (-271% reduction), minor land use and acidification benefits, and comparable freshwater eutrophication (+3%), with cultivation energy and feedstock supply identified as the dominant hotspots across all assessed categories. For end-point impacts, microalgal DHA had 32% reduction in total ecosystem damage. For global warming and freshwater eutrophication, the highest environmental impact in both scenarios occurred during the pre-treatment of food waste, while the most contributing process for terrestrial acidification and land use was energy production and anaerobic digestion, respectively. Major drivers: energy production, food waste pre-treatment, dark fermentation (for algae oil) | BX19: -52000 | BY19: 30000 | BZ19: kg CO2 eq. / FU | CA19: -6.3e-05 | CB19: 2700 | CC19: m2 land / FU | CD19: -98 | CE19: -2e-05 | CF19: kg P / FU | CJ19: 1300 | CK19: 3500 | CL19: kg SO2 eq/ FU
A20: MO11 | B20: MO11.1 | C20: Microbial oils | D20: Lu Y et al., 2021 | E20: 1. Eligible | F20: Lu Y,Mu D,Xue Z,Xu P,Li Y,Xiang W,Burnett J,Bryant K,Zhou W | G20: 2021 | H20: Life cycle assessment of industrial production of microalgal oil from heterotrophic fermentation | I20: Heterotrophic fermentation has been proposed as an economically promising way to grow microalgae, a feedstock to produce microbial oils, which can substitute for fossil fuels and crop oil products. This study conducted a life cycle assessment (LCA) to evaluate the environmental impacts of microalgal oil produced from two microalgae Chlorella sp. and Schizochytrium sp., which were cultivated in commercial fermenters with a maximal volume of 60 m3. Algal oil produced from Chlorella sp. in autotrophic raceway ponds was also included as a base case this LCA study. The LCA results showed the oil produced by heterotrophic Schizochytrium sp. had generally lower impacts than autotrophic Chlorella sp. whereas oil produced from heterotrophic Chlorella sp. only had lower impacts in acidification, eutrophication, carcinogens, and ecotoxicity when compared to the autotrophic Chlorella sp. An in-depth analysis showed the algal fermentation stage accounted for over 86% of the total impacts in all categories, and nutrients and electricity use in fermentation caused the major impacts. Due to its high biomass density and high oil content properties, the harvest stage with a series of dewatering and lipid extraction steps for heterotrophic algae was processed with fewer impacts than autotrophic algae. This paper also compared four sugar sources used to grow algae in fermenters and found out that the sorghum stem was the best nutrient feedstock for fermentation. Finally, the authors determined the best fermentation time as around 131 h in algae cultivation to obtain a relatively high oil yield while keeping low environmental impacts. | J20: 10.1016/j.algal.2021.102404 | K20: Algal Research | L20: Dimensions, Web of Science, "Other (previously known, citation chains)" | M20: Article: peer reviewed | N20: a School of Food and Biological Engineering, Xihua University, Chengdu 610039, PR China b School of Resources, Environmental & Chemical Engineering, Key Laboratory of Poyang Lake Environment and Resource Utilization, Ministry of Education, Nanchang University, Nanchang 330031, PR China c School of Environmental and Sustainability Science, Kean University, 1000 Morris Ave., Union, NJ 07083, United States d Langyatai Group Co., Ltd., Qingdao, PR China | O20: University, Company | P20: China, United States | Q20: Bulk lipids (MUFA-/SFA-rich oils) | R20: MUFA microalgal oil | S20: Microalgal oil produced from microalgae Chlorella sp | T20: Microalgal oil produced from microalgae Chlorella sp | U20: Food ingredient | V20: Photoautotrophic (submerged) | W20: Batch | X20: Microalgae | Y20: Chlorella sp | Z20: Gen 2 | AA20: Gas | AB20: CO2 | AC20: N/A | AD20: Not specified | AE20: Not specified | AF20: Industrial | AG20: n.r. | AH20: 10,000 m2 open raceway ponds | AI20: Cell separation (flocculation), Cell separation (centrifugation), Homogenization (mechanical pressure lysis), Extraction (hexane), Separation (solid-liquid separation), No refining included in autotrophic scenario | AJ20: Coagulation, centrifugation, homogenization, lipid extraction, solid-liquid separation. "- Chlo: Once the algae collected from the open pond. Coagulation and centrifuging processes were modeled for dewatering. And then, the algae were sent to the pressure homogenization pretreatment, which could break cell walls and facilitate lipid extraction [36]. The lipid was extracted with a solvent (hexane). The process is also called “ wet lipid extraction” as no intensive drying process is used. This frequently studied algae processing route in literature is included to provide a comparison to the other two oil extraction technologies." | AK20: n.r. | AL20: n.r. | AM20: n.r. | AN20: n.r. | AO20: Lipid content: 14% (w/w) | AP20: Algal residue to combustion (Chlorella) or anaerobic digestion (Schizochytrium); heat/electricity recycled for plant use | AQ20: Attributional LCA | AR20: 2021 | AS20: Cradle-to-gate | AT20: Assessment of a product | AU20: 1 tonne oil | AW20: Not included | AX20: No co-product allocation (plant energy recycled, but not exported); no C credit for CO₂ assimilation (as released on use) | AY20: Other (TRACI 2.2) | AZ20: SimaPro 8 | BA20: Industrial | BB20: USP, DSP | BC20: Pilot-scale data, Literature modeled | BD20: Ecoinvent, USEI database | BE20: The cultivation of heterotrophic algae was modeled with data collected in industrial scale (the production of autotrophic and heterotrophic algae was modeled with data collected on industrial scale). The algae processing technologies modeled were all based on actual production data (the algal oil production is not all the actual plant data). More detail: For A-Chlo, the extraction of oil from autotrophic Chlorella has not been applied in industrialization for the time being, so the extraction process of oil in the laboratory was used to approximately replace the steps of oil extraction in the factory (a linear assumption was used to scale up lab data to industrial data). The A-Chlo algae cultivation facilities are modeled from pilot-scale facilities according to previous literatures | BF20: Process: modification | BG20: Heterotrophic Chlorella (H-Chlo), Heterotrophic Schizochytrium (H-Schi), Autotrophic Chlorella (A-Chlo); sensitivity: sugar source (glucose, cassava, molasses, sorghum, sugarcane), fermentation time | BH20: China | BI20: Internal to other microalgal cultivations | BK20: Yes | BL20: No | BM20: Algal fermentation stage accounted for over 86% of the total impacts in all categories, and nutrients and electricity use in fermentation caused the major impacts | BN20: Process | BO20: Not specified | BP20: n.r. | BQ20: n.r. | BR20: n.r. | BT20: Algal fermentation stage accounted for over 86% of the total impacts in all categories, and nutrients and electricity use in fermentation caused the major impacts | BX20: x | BY20: x | BZ20: x
A21: MO11 | B21: MO11.2 | C21: Microbial oils | D21: Lu Y et al., 2021 | E21: 1. Eligible | F21: Lu Y,Mu D,Xue Z,Xu P,Li Y,Xiang W,Burnett J,Bryant K,Zhou W | G21: 2021 | H21: Life cycle assessment of industrial production of microalgal oil from heterotrophic fermentation | I21: Heterotrophic fermentation has been proposed as an economically promising way to grow microalgae, a feedstock to produce microbial oils, which can substitute for fossil fuels and crop oil products. This study conducted a life cycle assessment (LCA) to evaluate the environmental impacts of microalgal oil produced from two microalgae Chlorella sp. and Schizochytrium sp., which were cultivated in commercial fermenters with a maximal volume of 60 m3. Algal oil produced from Chlorella sp. in autotrophic raceway ponds was also included as a base case this LCA study. The LCA results showed the oil produced by heterotrophic Schizochytrium sp. had generally lower impacts than autotrophic Chlorella sp. whereas oil produced from heterotrophic Chlorella sp. only had lower impacts in acidification, eutrophication, carcinogens, and ecotoxicity when compared to the autotrophic Chlorella sp. An in-depth analysis showed the algal fermentation stage accounted for over 86% of the total impacts in all categories, and nutrients and electricity use in fermentation caused the major impacts. Due to its high biomass density and high oil content properties, the harvest stage with a series of dewatering and lipid extraction steps for heterotrophic algae was processed with fewer impacts than autotrophic algae. This paper also compared four sugar sources used to grow algae in fermenters and found out that the sorghum stem was the best nutrient feedstock for fermentation. Finally, the authors determined the best fermentation time as around 131 h in algae cultivation to obtain a relatively high oil yield while keeping low environmental impacts. | J21: 10.1016/j.algal.2021.102404 | K21: Algal Research | L21: Dimensions, Web of Science, "Other (previously known, citation chains)" | M21: Article: peer reviewed | N21: a School of Food and Biological Engineering, Xihua University, Chengdu 610039, PR China b School of Resources, Environmental & Chemical Engineering, Key Laboratory of Poyang Lake Environment and Resource Utilization, Ministry of Education, Nanchang University, Nanchang 330031, PR China c School of Environmental and Sustainability Science, Kean University, 1000 Morris Ave., Union, NJ 07083, United States d Langyatai Group Co., Ltd., Qingdao, PR China | O21: University, Company | P21: China, United States | Q21: Bulk lipids (MUFA-/SFA-rich oils) | R21: MUFA microalgal oil | S21: Microalgal oil produced from microalgae Chlorella sp | T21: Heterotrophic Chlorella (HChlo) in dark fermenters + bead milling + solid-liquid separation | U21: Food ingredient | V21: Aerobic (submerged) | W21: Fed-batch | X21: Microalgae | Y21: Chlorella sp | Z21: Gen 1 | AA21: Corn | AB21: Glucose | AC21: N/A | AD21: Maybe | AE21: Not specified | AF21: Industrial | AG21: n.r. | AH21: Seed: 700 L STR (300L basal medium), 11m3 fermenter, 60m3 fermenter | AI21: Cell separation (filter press), Drying (air drying), Extraction (mechanical bead mill + solvent Isopropyl alcohol), Separation (solid-liquid separation), Solvent recovery (distillation called refining here), No refining included (solvent removal called refining but not actual refining step) | AJ21: Dewatering, Air Drying, Beads milling with isopropyl alcohol solvent extraction, solid-liquid separation, oil refining. "H-Chlo: The plate-frame filter harvest and natural drying methods to harvest and dry algae cells were connected in series as downstream processes. As for oil extraction, the dry algal powder was loaded with steel grinding beads and isopropyl alcohol (IPA) for 1 h milling at 200 rpm rotational speed in the bead miller. The grinding mixture is then pumped through a 3 kW vacuum pump into a small plate and frame filter. The upper oil-IPA miscella was vacuum distilled to recover IPA [33]." | AK21: 0.25380711 | AL21: 31.01 g/L (dry cell weight); 51% lipid | AM21: n.r. | AN21: n.r. | AO21: Lipid content: 51% (w/w) | AP21: Algal residue to combustion (Chlorella) or anaerobic digestion (Schizochytrium); heat/electricity recycled for plant use | AQ21: Attributional LCA | AR21: 2021 | AS21: Cradle-to-gate | AT21: Assessment of a product | AU21: 1 tonne oil | AW21: Not included | AX21: No co-product allocation; all burdens to oil (energy credits subtracted for biogas/energy recovery) | AY21: Other (TRACI 2.2) | AZ21: SimaPro 8 | BA21: Industrial | BB21: USP, DSP | BC21: Company data (industrial-scale) | BD21: Ecoinvent, USEI database | BE21: The cultivation of heterotrophic algae was modeled with data collected in industrial scale (the production of autotrophic and heterotrophic algae was modeled with data collected on industrial scale). The algae processing technologies modeled were all based on actual production data (the algal oil production is not all the actual plant data) More detail: For H-Chlo, according to the industrial scale of heterotrophic fermentation, large-scale harvesting, drying and oil extraction of microalgae were designed and tested (literature). Secondary data: Additionally, the carbon emission in the heterotrophic algae cultivation was not counted because the carbons used in heterotrophic cultivation such as sugar or corn was produced from natural biomass who absorb CO2 in atmosphere during growing stages. Impact factors of inputs of all unit processes were derived from the Ecoinvent 2.2 database [37] and the USEI database [38], which could be found in SI. | BF21: Process: modification; Input: Feedstock type | BG21: Various alternative carbon sources, including starch from cassava (CS), sugar from molasses (MO), sorghum juice (SJ) and sugarcane juice (SCJ) derived from non-food crops could be utilized to replace glucose for algal oil production. Only for this production method! | BH21: China | BI21: Internal to other microalgal cultivations | BK21: Yes | BL21: No | BM21: The H- Chlo cell disruption by beads milling and enzymolysis of the H-Schi cell wall ranked as the secondary contributor to the total impacts. However, the algae processing stages contributed much fewer impacts than the algae cultivation stage. In addition, analysis showed the direct emissions were low in three routes for comparison, and im- pacts were mainly caused by indirect or upstream impacts of process inputs such as electricity, water, and nutrient use. The study then analyzed the impacts caused by various inputs in the cultivation stage of two algae species (Fig. 4). Generally, in H-Chlo production, both elec- tricity and sugar use caused major impacts. In contrast, in H-Schi, the nutrients, including sugar and other chemicals, were major factors that caused impacts, but not the electricity. | BN21: Process | BO21: 1. Fermentation stage (electricity, nutrients/sugar) 2. Downstream processing (bead milling, enzymolysis, solvents) 3. Energy/water for dewatering and extraction The higher impacts of H-Chlo than A-Chlo were caused by higher electricity and glucose use in the algae fermentation stage, which lead to high indirect impacts in the H-Chlo route. | BP21: Feedstock input: glucose | BQ21: Electrical demand: cultivation | BR21: Extraction/homogenization to a lesser extent | BT21: The H- Chlo cell disruption by beads milling and enzymolysis of the H-Schi cell wall ranked as the secondary contributor to the total impacts. However, the algae processing stages contributed much fewer impacts than the algae cultivation stage. In addition, analysis showed the direct emissions were low in three routes for comparison, and im- pacts were mainly caused by indirect or upstream impacts of process inputs such as electricity, water, and nutrient use. The study then analyzed the impacts caused by various inputs in the cultivation stage of two algae species (Fig. 4). Generally, in H-Chlo production, both elec- tricity and sugar use caused major impacts. In contrast, in H-Schi, the nutrients, including sugar and other chemicals, were major factors that caused impacts, but not the electricity. | BX21: x | BY21: x | BZ21: x
A22: MO11 | B22: MO11.3 | C22: Microbial oils | D22: Lu Y et al., 2021 | E22: 1. Eligible | F22: Lu Y,Mu D,Xue Z,Xu P,Li Y,Xiang W,Burnett J,Bryant K,Zhou W | G22: 2021 | H22: Life cycle assessment of industrial production of microalgal oil from heterotrophic fermentation | I22: Heterotrophic fermentation has been proposed as an economically promising way to grow microalgae, a feedstock to produce microbial oils, which can substitute for fossil fuels and crop oil products. This study conducted a life cycle assessment (LCA) to evaluate the environmental impacts of microalgal oil produced from two microalgae Chlorella sp. and Schizochytrium sp., which were cultivated in commercial fermenters with a maximal volume of 60 m3. Algal oil produced from Chlorella sp. in autotrophic raceway ponds was also included as a base case this LCA study. The LCA results showed the oil produced by heterotrophic Schizochytrium sp. had generally lower impacts than autotrophic Chlorella sp. whereas oil produced from heterotrophic Chlorella sp. only had lower impacts in acidification, eutrophication, carcinogens, and ecotoxicity when compared to the autotrophic Chlorella sp. An in-depth analysis showed the algal fermentation stage accounted for over 86% of the total impacts in all categories, and nutrients and electricity use in fermentation caused the major impacts. Due to its high biomass density and high oil content properties, the harvest stage with a series of dewatering and lipid extraction steps for heterotrophic algae was processed with fewer impacts than autotrophic algae. This paper also compared four sugar sources used to grow algae in fermenters and found out that the sorghum stem was the best nutrient feedstock for fermentation. Finally, the authors determined the best fermentation time as around 131 h in algae cultivation to obtain a relatively high oil yield while keeping low environmental impacts. | J22: 10.1016/j.algal.2021.102404 | K22: Algal Research | L22: Dimensions, Web of Science, "Other (previously known, citation chains)" | M22: Article: peer reviewed | N22: a School of Food and Biological Engineering, Xihua University, Chengdu 610039, PR China b School of Resources, Environmental & Chemical Engineering, Key Laboratory of Poyang Lake Environment and Resource Utilization, Ministry of Education, Nanchang University, Nanchang 330031, PR China c School of Environmental and Sustainability Science, Kean University, 1000 Morris Ave., Union, NJ 07083, United States d Langyatai Group Co., Ltd., Qingdao, PR China | O22: University, Company | P22: China, United States | Q22: Nutritional omega-3 oils (PUFA-rich) | R22: PUFA microalgal oil | S22: DHA-rich microalgal oil (Schizochytrium) | T22: Schizochytrium (H-Schi) in dark fermenters + enzymolysis + solidliquid separation | U22: Food ingredient | V22: Aerobic (submerged) | W22: Fed-batch | X22: Microalgae | Y22: Schizochytrium sp | Z22: Gen 1 | AA22: Corn | AB22: Glucose | AC22: N/A | AD22: Maybe | AE22: Not specified | AF22: Industrial | AG22: n.r. | AH22: Seed: 50L - 500 50 m3 | AI22: Cell separation (centrifugation), Extraction (Enzymatic alkaline protease), Separation (three stage centrifugation), Oil refining (decolor/deodor/crystallization) | AJ22: Concentration, enzymolysis, centrifugation, solid-liquid separation, oil refining | AK22: 0.30376671 | AL22: 120 g/L (dry cell weight), 60% lipid (50% DHA) | AM22: n.r. | AN22: n.r. | AO22: Lipid content: 60% (w/w), DHA purity: 50% (w/w) | AP22: Algal residue to combustion (Chlorella) or anaerobic digestion (Schizochytrium); heat/electricity recycled for plant use | AQ22: Attributional LCA | AR22: 2021 | AS22: Cradle-to-gate | AT22: Assessment of a product | AU22: 1 tonne oil (DHA-rich) | AW22: Not included | AX22: No co-product allocation; all burdens to oil (energy credits subtracted for biogas/energy recovery) | AY22: Other (TRACI 2.2) | AZ22: SimaPro 8 | BA22: Industrial | BB22: USP, DSP | BC22: Company data (industrial-scale) | BD22: Ecoinvent, USEI database | BE22: The cultivation of heterotrophic algae was modeled with data collected in industrial scale (the production of autotrophic and heterotrophic algae was modeled with data collected on industrial scale). The algae processing technologies modeled were all based on actual production data (the algal oil production is not all the actual plant data). More detail: For H-Schi, the production data of algal oil are from the actual production and processing process of thee heterotrophic Schizochytrium plant. Additionally, the carbon emission in the heterotrophic algae cultivation was not counted because the carbons used in heterotrophic cultivation such as sugar or corn was produced from natural biomass who absorb CO2 in atmosphere during growing stages. Impact factors of inputs of all unit processes were derived from the Ecoinvent 2.2 database [37] and the USEI database [38], which could be found in SI. | BF22: Process: modification; Input: Feedstock type | BG22: Various alternative carbon sources, including starch from cassava (CS), sugar from molasses (MO), sorghum juice (SJ) and sugarcane juice (SCJ) derived from non-food crops could be utilized to replace glucose for algal oil production. Only for this production method! | BH22: China | BI22: Internal to other microalgal cultivations | BK22: Yes | BL22: No | BM22: The H- Chlo cell disruption by beads milling and enzymolysis of the H-Schi cell wall ranked as the secondary contributor to the total impacts. However, the algae processing stages contributed much fewer impacts than the algae cultivation stage. In addition, analysis showed the direct emissions were low in three routes for comparison, and im- pacts were mainly caused by indirect or upstream impacts of process inputs such as electricity, water, and nutrient use. The study then analyzed the impacts caused by various inputs in the cultivation stage of two algae species (Fig. 4). Generally, in H-Chlo production, both elec- tricity and sugar use caused major impacts. In contrast, in H-Schi, the nutrients, including sugar and other chemicals, were major factors that caused impacts, but not the electricity. | BN22: Process | BO22: 1. Fermentation (nutrients—sugar and nitrogen, electricity); 2. Dewatering/drying/extraction (less important for fermentation routes than for pond algae); 3. Sugar source (glucose from corn has high GWP; sorghum or molasses lower) Comparing to the H-Chlo fermentation, the H-Schi were fermented with a shorter time and with a higher cell growth rate. Therefore, electricity uses in H-Schi fermentation reduced significantly. This led to indirect impacts caused by electricity drop and nutrients become the major factors caused impacts in the HSchi. growing stage. scale. Based on a comparison of H-Chlo and H-Schi, the high cell density of H-Schi in Fig. 3. Life cycle impacts of algal oil from microalgal route by production stages: (a) H-Chlo route; (b) H-Schi route. The total impacts were set as 100%. Fig. 4. Life cycle impacts in microalgal fermentation: (a) H-Chlo; (b) H-Schi. The total impacts were set as 100%. Y. Lu et al. Algal Research 58 (2021) 102404 6 fermentation would lead to high algae yield. It is also expected that the impacts of all categories would decline further by enhancing algal cell density during fermentation compared to the present state. In addition to improve cell density, as electricity and nutrients are two major factors caused impacts. Changing energy sources in heterotrophic production has a potential of environmental impact reduction by 40%, while changing carbon source could reduce the impact by 25% to 40%. The most promising strategy would be the combination of microalgae production in heterotrophic conditions with the use of food waste as a source of carbon and photovoltaic energy generation for cultivation [14]. Lastly, in heterotrophic production of algae, to ensure the high | BP22: Feedstock input: glucose | BQ22: Media inputs: other chemicals | BR22: Electrical demand: cultivation | BT22: The H- Chlo cell disruption by beads milling and enzymolysis of the H-Schi cell wall ranked as the secondary contributor to the total impacts. However, the algae processing stages contributed much fewer impacts than the algae cultivation stage. In addition, analysis showed the direct emissions were low in three routes for comparison, and im- pacts were mainly caused by indirect or upstream impacts of process inputs such as electricity, water, and nutrient use. The study then analyzed the impacts caused by various inputs in the cultivation stage of two algae species (Fig. 4). Generally, in H-Chlo production, both elec- tricity and sugar use caused major impacts. In contrast, in H-Schi, the nutrients, including sugar and other chemicals, were major factors that caused impacts, but not the electricity. | BX22: x | BY22: x | BZ22: x
A23: MO12 | B23: MO12 | C23: Microbial oils | D23: Masri et al., 2019 | E23: 1. Eligible | F23: Masri, MA; Garbe, D; Mehlmer, N; Brück, TB | G23: 2019 | H23: A sustainable, high-performance process for the economic production of waste-free microbial oils that can replace plant-based equivalents | I23: Globally, biofuel and oleochemical production based on plant oils negatively affects biodiversity. As an alternative triglyceride source, lipid production from oleaginous yeasts faces numerous challenges in feedstock availability, lipid productivity, downstream processing, and waste treatment, prohibiting the design of a cost-competitive process with regard to plant equivalents. In this study, we present a fully integrated operation for microbial oil production, which consolidates upstream and downstream processing with side-stream recycling. Co-fermentation of sugar and acetic acid was successfully implemented in fed-batch, semi-continuous, and continuous fermentation modes. Process validation was conducted at a 25 L scale with a lipid productivity of 1.2 g L-1 h(-1). Cutaneotrichosporon oleaginosus cell debris was used as an inducer in Trichoderma reesei fermentation for on-site generation of yeast-specific cell-wall hydrolases. In situ hydrolase application allowed for efficient C. oleaginosus cell lysis (85% w/w) and simultaneous lipid release. A subsequent centrifugation step yielded 90% (w/w) recovery of intracellular lipids without the need for any organic solvent. The nutrientrich water phase was applied as an internal sugar source for subsequent yeast fermentation cycles. With this yeast hydrolysate, the lipid productivity was considerably increased to 2.4 g L-1 h(-1). A technoeconomic analysis of the current lipid production processes estimated costs at $ 1.6 per kg lipid. Moreover, life cycle assessment analysis indicated an emission of 3.56 kg CO2 equivalents for every 1 kg produced yeast oil. Accordingly, we established an integrated operation for bioconversion of acetic acid and sugar to sustainable lipids at maximum productivity coupled with minimal waste generation and energy consumption. | J23: 10.1039/c9ee00210c | K23: Energy & Environmental Science | L23: Dimensions, Web of Science | M23: Article: peer reviewed | N23: Department of Chemistry, Werner Siemens Chair of Synthetic Biotechnology, Technical University of Munich, Germany | O23: University | P23: Germany | Q23: Bulk lipids (MUFA-/SFA-rich oils) | R23: MUFA yeast oil | S23: TAG-rich yeast oil | T23: Yeast single-cell oil produced by Cutaneotrichosporon oleaginosus (ATCC 20509) via co-fermentation of sugar and acetic acid | U23: Food, feed, oleochemicals, biofuel | V23: Aerobic (submerged) | W23: Fed-batch, semi-continuous, continuous | X23: Yeast | Y23: Cutaneotrichosporon oleaginosus | Z23: Gen 1 | AA23: Not specified | AB23: Glucose; Acetate | AC23: Acetic acid (petrochemical, with future scenarios for bio-based) and glucose | AD23: Yes | AE23: No | AF23: Industrial | AG23: 23000 | AH23: 11 x 250 m3 | AI23: Cell separation (harvest unspecied), Extraction (enzymatic hydrolysis), Separation (centrifugation), No refining included, No formulation specified | AJ23: On-site enzyme (hydrolase) production from yeast debris, hydrolytic lysis, centrifugation, no drying, no solvent extraction. Their developed enzyme lysis system helps to overcome pretreatment needs and later lipid extraction/separation processes. | AK23: 0.39 g lipid/g-C | AL23: 240 g/L biomass, 87% lipid content max; best lipid productivtiy of 2.4 g/L/h | AM23: n.r. | AN23: n.r. | AO23: 73–87% oil (w/w biomass, depending on run) | AP23: Nutrient-rich water phase recycled; residual biomass induces enzyme production; minimal waste | AQ23: Attributional LCA | AR23: Prospective | AS23: Cradle-to-gate | AT23: Develop and assess a fully integrated yeast oil process, maximizing productivity and minimizing waste and emissions; benchmark to plant oil | AU23: 1 kg oil | AV23: LCA and TEA both per 1 kg oil (cradle-to-gate) | AW23: Not included | AX23: No co-product allocation; all streams internally recycled | AY23: CML 2001 | AZ23: CMLCA? | BA23: Industrial | BB23: USP, DSP | BC23: Pilot-scale data | BD23: Other | BE23: Own experiments (batch, continuous, semi-continuous), process simulation, literature. Own work, literature for alternative yeast, plant oil processes Secondary data (database): Ecoinvent, US LCI, BioEnergieDat | BF23: Input: feedstock type, cost, electirical cost; Process modifcation: productivity increase, semicontinuous, other | BG23: None specific to LCA results | BH23: Germany | BI23: Common vegetable oils | BJ23: Palm oil, soybean oil, rapeseed oil, sunflower oil, peanut oil (Schmidt 2015). GWP for 1 kg oil: palm 4.2, soybean 4.5, rapeseed 2.9, sunflower 3.5, peanut 7.5 kg CO₂e/kg | BK23: Yes | BL23: No | BM23: LCA indicated GWP emissions primarily from yeast fermentation and electricity production (CHP via gas engine) at 30% and 25% of total emissions, respectively. However, procurement of acetic acid generated 45% of the total CO2 emissions due to that specific supply chain - methanol production from natural gas followed by transport from China to Germany via diesel powered train. | BN23: Process | BO23: Conventional acetic acid procurment as feedstock, upstream fermentation process, and electricity generation / energy demand. | BP23: Feedstock source: acetic acid procurement | BQ23: Yeast fermentation and electricity use | BR23: Process energy (CHP, compressor, utilities) | BT23: LCA indicated GWP emissions primarily from yeast fermentation and electricity production (CHP via gas engine) at 30% and 25% of total emissions, respectively. However, procurement of acetic acid generated 45% of the total CO2 emissions due to that specific supply chain - methanol production from natural gas followed by transport from China to Germany via diesel powered train. | BX23: 3.56 | BY23: 3.56 | BZ23: kg CO₂e/kg oil | CD23: 0.00339 | CE23: 0.00339 | CF23: kg PO4eq / FU | CJ23: 0.01267 | CK23: 0.01267 | CL23: kg SO2 eq / FU | DH23: 0.00043 | DI23: 0.00043 | DJ23: kg ethylene eq. | EC23: 0.00339 | ED23: 0.00339 | EE23: kg PO4eq / FU | EI23: 0 | EJ23: 0 | EK23: kg CFC-11 eq/FU | EL23: 0.03056 | EM23: 0.03056 | EN23: kg 1,4-dichlorobenzene eq./FU | EU23: 0 | EV23: 0 | EW23: kg antimony eq. | EX23: 0 | EY23: 0 | EZ23: MJ | FA23: 0.00047 | FB23: 0.00047 | FC23: kg 1,4-dichlorobenzene eq./ FU | FD23: 0.74621 | FE23: 0.74621 | FF23: kg 1,4-dichlorobenzene eq./ FU | FG23: 0.00026 | FH23: 0.00026 | FI23: kg 1,4-dichlorobenzene eq./ FU
A24: MO13 | B24: MO13 | C24: Microbial oils | D24: Dutra et al., 2024 | E24: 1. Eligible | F24: Dutra, DA; Depra, MC; Dias, RR; Zepka, LQ; Jacob-Lopes, E | G24: 2024 | H24: Ensuring nutrition and food safety within planetary boundaries: The role of microalgae-based ingredients in sustainable food chain | I24: Although it is unanimous among scientists and researchers that the food production chain is a substantial contributor to environmental challenges, so far, no food ingredient has been evaluated for its environmental performance relative to planetary boundaries. Given this, this study conducts an analysis oriented to food key ingredients considered essential in human nutrition, namely: proteins, beta-carotene as a precursor of vitamin A, and polyunsaturated fatty acids (docosahexaenoic and eicosapentaenoic acids), using life cycle assessment (LCA) linked to the planetary boundary structure, under nine indices: climate change, biosphere integrity, global biogeochemical fluxes, stratospheric ozone depletion, ocean acidification, global freshwater use, land use change, chemical pollution, and atmospheric aerosol loading. Protein sources from animals such as beef, pork, and poultry, beta-carotene from palm oil and synthetic routes, and fatty acids from fish oil were also compared to alternative sources from microalgae-based ingredients. The results show that protein ingredients of animal origin and alternatives have largely contributed to the disruption of planetary boundaries. However, the worst environmental performance for protein ingredients studied was attributed to bovine protein, matching three risk indices (climate change, ecotoxicity, and photochemical ozone formation) out of the nine evaluated. On the other hand, among fine chemical food ingredients, only vitamin A from palm oil, which is mostly found in a risk and uncertainty zone, when compared to conventional synthetic processes and microalgae-based; these, in turn, operate fully within safe limits. In contrast, only one planetary index is assigned to the uncertainty zone for polyunsaturated fatty acids from fish oil, the others operate in safe zones equally for microalgae-based processes. Therefore, the conclusions highlight major challenges the food production chain faces to achieve safe and sustainable food. These results guide critical food groups and environmental indicators to prioritize in future efforts to reduce environmental impact. | J24: 10.1007/s10811-024-03313-y | K24: Journal of Applied Phycology | L24: Dimensions, Web of Science | M24: Article: peer reviewed | N24: Food Science and Technology Department, Federal University of Santa Maria, UFSM, Roraima Avenue 1000, Santa Maria, RS 97105‑900, Brazil | O24: University | P24: Brazil | Q24: Nutritional omega-3 oils (PUFA-rich) | R24: PUFA microalgal oil | S24: DHA/EPA rich fatty acid oils: DHA by Schizochytrium sp.; EPA by N. laevis | T24: Functional units of 73.0 and 36.5 g person-1 year-1 for DHA and EPA, respectively, totaling a blend oil of 0.109 kg person-1 year-1 | U24: Food ingredient | V24: Aerobic (submerged) | W24: n.r. | X24: Microalgae | Y24: Schizochytrium sp., Nitzschia laevis (Separate processes, but same final product) | Z24: Gen 1 | AA24: Not specified | AB24: Glucose | AD24: Yes | AE24: Not specified | AF24: Pilot-scale | AG24: n.r. | AH24: 170 L | AI24: Cell separation (flocculation), Cell spearation (centrifugation), Drying (spray dryer), Extraction (supercritical CO2 extraction), No refining mentioned, No formulation | AJ24: Table 5 shows inventory for flocculation (MgOH, NaOH), centrifugation, spray drying, and sCO2 for super critical CO2 extraction. No futher refining, packaging, formulation is shown. | AK24: Table 5 gives productivity and feedstock input with wet biomass yield. Not directly reported. 0.073 kg DHA per 0.85 kg glucose = 0.0859 g/g for DHA; | AL24: 9.04 kg wet biomass / 170 L | AM24: n.r. | AN24: n.r. | AO24: n.r. | AQ24: Attributional LCA | AR24: Not specified | AS24: Cradle-to-gate (extraction) | AT24: Assess environmental impacts of key nutritional ingredients (proteins, β-carotene, PUFAs) from conventional vs. microalgae-based systems, benchmarked against planetary boundaries. | AU24: 0.109 kg person-1 year-1 | AV24: Daily recommended intake per capita, scaled to annual requirement, for adults: DHA: 73 g person⁻¹ yr⁻¹ EPA: 36.5 g person⁻¹ yr⁻¹ | AW24: Not included | AX24: No coprodcut allocation. All impacts to oil product. | AY24: ReCiPe 2016 Midpoint | AZ24: n.r. | BA24: Pilot | BB24: USP, DSP | BC24: Literature modeled | BD24: Ecoinvent | BE24: Data collection for theoretical and experimental analysis was based on process data consolidated by classical references from the literature and databases. | BI24: Fish oil | BK24: No | BL24: No | BM24: Dutra et al. (2024): Dutra et al. (2024) found that microalgal DHA oil production had ~65-79% lower environmental impacts than fish oil comparators across GWP, acidification, eutrophication, ecotoxicity, water footprint, and ozone depletion but thirty-two times higher land use. Dutra et al. keenly state that, despite operating near planetary boundaries, we must opt for processes that are less dependent on natural resources - especially heavy pressure on natural fisheries. "Against this background, in an environment as complex as the food chain, it becomes clear that the current model of producing proteins from microalgae will not solve the total problem. The barriers associated with the high energy demand with cultivation and harvesting systems, and pro- ductivity fluctuation rates, tend to be equally important factors for the sustainable certification of these alternative ingredients." | BN24: Process | BO24: Hot spot analysis estimated manually from their LCI table 5 and supplmental table S1. This independent analysis outside of the paper shows the high contribution of electricity for USP aeration, USP drying, glucose input, and nitrate input across all impact categories and validates authors general statement about electricity and productivity fluctuations. | BP24: Electricity: Upstream aeration | BQ24: Electricity: Downstream spray drying | BR24: Media input: Glucose | BS24: Media input: Nitrate | BT24: Dutra et al. (2024): Dutra et al. (2024) found that microalgal DHA oil production had ~65-79% lower environmental impacts than fish oil comparators across GWP, acidification, eutrophication, ecotoxicity, water footprint, and ozone depletion but thirty-two times higher land use. Dutra et al. keenly state that, despite operating near planetary boundaries, we must opt for processes that are less dependent on natural resources - especially heavy pressure on natural fisheries. "Against this background, in an environment as complex as the food chain, it becomes clear that the current model of producing proteins from microalgae will not solve the total problem. The barriers associated with the high energy demand with cultivation and harvesting systems, and pro- ductivity fluctuation rates, tend to be equally important factors for the sustainable certification of these alternative ingredients." | BX24: 5 | BY24: 5.01 | BZ24: kg CO2 eq. / FU | CA24: 3.22×10-1 | CC24: kg soil loss / FU | CJ24: 2.68×10-2 | CK24: 2.68×10-2 | CL24: mole H+ eq / FU | CV24: 1.36×10-6 | CW24: 1.36×10-6 | CX24: kg CFC-11 eq / FU | DB24: 3.15×10-1 | DC24: 3.15×10-1 | DD24: m3 / FU | DH24: 1.16×10-1 | DI24: 1.16×10-1 | DJ24: kg NMVOC eq / FU | DW24: 3.22×10+1 | DY24: MJ / FU | EC24: 1.19×10-2 | ED24: 1.19×10-2 | EE24: kg N eq / FU | FM24: 3.35×10+1 | FO24: CTUe / FU
A25: MO14 | B25: MO14.1 | C25: Microbial oils | D25: Deprá et al., 2020 | E25: 1. Eligible | F25: Deprá, MC; Severo, IA; dos Santos, AM; Zepka, LQ; Jacob-Lopes, E | G25: 2020 | H25: Environmental impacts on commercial microalgae-based products: Sustainability metrics and indicators | I25: Herein, the environmental impact of commercial microalgae-based products was assessed. The whole dried biomass production by Chlorella vulgaris and Arthrospira platensis were evaluated under different cultivation configurations. Besides, pigments such as beta-carotene, astaxanthin, and phycocyanin, by Dunaliella Haematococcus pluvialis, and Arthrospira platensis, respectively, were also subjected to environmental analysis, as well as docosahexaenoic (DHA) and eicosapentaenoic (EPA) acids by Crypthecodinium cohnii, Nitzschia laevis, and Nannochloropsis oculata. These products were estimated by midpoint indicators through the nine impact categories and subsequently submitted to the normalization stage. Also, environmental critical points of the process were identified and discussed, focusing on the combined operations of dehydration and drying of biomass, as well as the central role of the energy footprint and the challenges of the transition from fossil energy to renewable matrices. Among the results found for whole dried biomass, the parameters that most influence the burdens are directly related to the energy requirements of the downstream processes. In intracellular microalgal products, the extraction stage and yield of the compounds are factors that most affect environmental performance. Additionally, this work provides quantitative numbers of sustainability indicators for microalgae projects considering the current stage of the technology. Therefore, the results found in this study are the first step found in the literature to identify environmental improvements in the consolidated biotechnological routes of microalgae. | J25: 10.1016/j.algal.2020.102056 | K25: Algal Research | L25: Dimensions, Web of Science | M25: Article: peer reviewed | N25: Bioprocess Intensification Group, Federal University of Santa Maria, UFSM, Roraima Avenue 1000, 97105-900 Santa Maria, RS, Brazil | O25: University | P25: Brazil | Q25: Nutritional omega-3 oils (PUFA-rich) | R25: PUFA microalgal oil | S25: DHA-rich oil (Crypthecodinium) | T25: Heterotrophic production of DHA oil from Cyrpthecodinium. | U25: Food ingredient | V25: Aerobic (submerged) | W25: n.r. | X25: Microalgae | Y25: Crypthecodinium cohnii | Z25: Gen 1 | AA25: Not specified | AB25: Glucose | AD25: Yes | AE25: Not specified | AF25: Pilot-scale | AG25: n.r. | AH25: 0.83 m3 | AI25: Cell separation (Centrifugation), Drying (spray drying), Extraction (supercritical CO2), No refining mentioned, No formulation | AJ25: Wet biomass → centrifugation → spray-drying → sCO₂ extraction (see Table 3). No further details on treatment post extraction are provided, such as centrifugation or filtration to remove cell mass from the lipid extract. | AK25: 0.24096386 | AL25: 10 g/L biomass | AM25: n.r. | AN25: n.r. | AO25: n.r. | AP25: Not specified (no major coproducts, all burdens to oil) | AQ25: Attributional LCA | AR25: Not specified | AS25: Cradle-to-gate | AT25: Assessment of a product. Comparison of a process. | AU25: 1 kg oil (DHA-rich) | AV25: 1 kg oil DHA by Crypthecodinium cohnii in heterotrophic cultivation (fermenter) | AW25: Not included | AX25: No coprodcut allocation. All impacts to oil product. | AY25: ReCiPe 2008 Midpoint | AZ25: n.r. | BA25: Pilot | BB25: USP, DSP | BC25: Literature modeled | BD25: Not specified | BE25: Foreground data is modeled from the literature. Secondary inventory data is not specified in the text. Impact assessment method not specified. Lists midpoint categories (GWP, ODP, AP, EP, ECO, ER, WF, LU) per methods section and provides equations for calculations. | BF25: Process variation | BG25: Different strain and production method | BH25: n.r. | BI25: None modelled | BJ25: N/A | BK25: No | BL25: No | BM25: Microalgae-based processes present energy-intensive demands, resulting mainly from cultivation, dewatering, and drying operations. In intracellular microalgal products, the extraction stage and yield of the compounds are factors that most affect environmental performance. | BN25: Process | BO25: Process hot spots not well characterized in the publication. Downstream processing has highest energy usage followed by the upstream process for heterotrophic growth. Feedstock impacts not characterized | BP25: Electricity: Downstream energy (spray drying, sCO₂ extraction, centrifugation) | BQ25: Electricity: Cultivation electricity demand | BR25: Productivity/yield | BT25: Microalgae-based processes present energy-intensive demands, resulting mainly from cultivation, dewatering, and drying operations. In intracellular microalgal products, the extraction stage and yield of the compounds are factors that most affect environmental performance. | BX25: 178.16 | BY25: 178.16 | BZ25: kg CO2 eq. / FU | CA25: 0.5 | CB25: 0.5 | CC25: ha / FU | CJ25: ~5.2e0 | CK25: ~5.2e0 | CL25: kg SO2 eq / FU | CV25: ~1.0e-4 | CW25: ~1.0e-4 | CX25: kgCFC-11eq / FU | DB25: 4 | DC25: 4 | DD25: m3 / FU | DE25: 441 | DF25: 441 | DG25: MJ / FU | DH25: 3.93 | DI25: 3.93 | DJ25: kgO3eq / FU | EC25: ~5.2e0 | ED25: ~5.2e0 | EE25: kgPO4eq / FU | FM25: 1250.38 | FN25: 1250.38 | FO25: CTUe / FU
A26: MO14 | B26: MO14.2 | C26: Microbial oils | D26: Deprá et al., 2020 | E26: 1. Eligible | F26: Deprá, MC; Severo, IA; dos Santos, AM; Zepka, LQ; Jacob-Lopes, E | G26: 2020 | H26: Environmental impacts on commercial microalgae-based products: Sustainability metrics and indicators | I26: Herein, the environmental impact of commercial microalgae-based products was assessed. The whole dried biomass production by Chlorella vulgaris and Arthrospira platensis were evaluated under different cultivation configurations. Besides, pigments such as beta-carotene, astaxanthin, and phycocyanin, by Dunaliella Haematococcus pluvialis, and Arthrospira platensis, respectively, were also subjected to environmental analysis, as well as docosahexaenoic (DHA) and eicosapentaenoic (EPA) acids by Crypthecodinium cohnii, Nitzschia laevis, and Nannochloropsis oculata. These products were estimated by midpoint indicators through the nine impact categories and subsequently submitted to the normalization stage. Also, environmental critical points of the process were identified and discussed, focusing on the combined operations of dehydration and drying of biomass, as well as the central role of the energy footprint and the challenges of the transition from fossil energy to renewable matrices. Among the results found for whole dried biomass, the parameters that most influence the burdens are directly related to the energy requirements of the downstream processes. In intracellular microalgal products, the extraction stage and yield of the compounds are factors that most affect environmental performance. Additionally, this work provides quantitative numbers of sustainability indicators for microalgae projects considering the current stage of the technology. Therefore, the results found in this study are the first step found in the literature to identify environmental improvements in the consolidated biotechnological routes of microalgae. | J26: 10.1016/j.algal.2020.102056 | K26: Algal Research | L26: Dimensions, Web of Science | M26: Article: peer reviewed | N26: Bioprocess Intensification Group, Federal University of Santa Maria, UFSM, Roraima Avenue 1000, 97105-900 Santa Maria, RS, Brazil | O26: University | P26: Brazil | Q26: Nutritional omega-3 oils (PUFA-rich) | R26: PUFA microalgal oil | S26: EPA-rich oil (Nitzschia) | T26: Heterotrophic production of EPA oil from Nitzschia | U26: Food ingredient | V26: Aerobic (submerged) | W26: n.r. | X26: Microalgae | Y26: Nitzschia laevis | Z26: Gen 1 | AA26: Not specified | AB26: Glucose | AD26: Yes | AE26: Not specified | AF26: Pilot-scale | AG26: n.r. | AH26: 4.0 m3 | AI26: Cell separation (Centrifugation), Drying (spray drying), Extraction (supercritical CO2), No refining mentioned, No formulation | AJ26: Wet biomass → centrifugation → spray-drying → sCO₂ extraction (see Table 3). No further details on treatment post extraction are provided, such as centrifugation or filtration to remove cell mass from the lipid extract. | AK26: 0.05 | AL26: 0.75 g/L biomass | AM26: n.r. | AN26: n.r. | AO26: n.r. | AP26: Not specified (no major coproducts, all burdens to oil) | AQ26: Attributional LCA | AR26: Not specified | AS26: Cradle-to-gate | AT26: Assessment of a product. Comparison of a process. | AU26: 1 kg oil (EPA-rich) | AV26: 1 kg oil EPA by Nitzschia laevis in heterotrophic cultivation (fermenter) | AW26: Not included | AX26: No coprodcut allocation. All impacts to oil product. | AY26: ReCiPe 2008 Midpoint | AZ26: n.r. | BA26: Pilot | BB26: USP, DSP | BC26: Literature modeled | BD26: Not specified | BE26: Foreground data is modeled from the literature. Secondary inventory data is not specified in the text. Impact assessment method not specified. Lists midpoint categories (GWP, ODP, AP, EP, ECO, ER, WF, LU) per methods section and provides equations for calculations. | BF26: Process variation | BG26: Different strain and production method | BH26: n.r. | BI26: None modelled | BJ26: N/A | BK26: No | BL26: No | BM26: Microalgae-based processes present energy-intensive demands, resulting mainly from cultivation, dewatering, and drying operations. In intracellular microalgal products, the extraction stage and yield of the compounds are factors that most affect environmental performance. | BN26: Process | BO26: Process hot spots not well characterized in the publication. Downstream processing has highest energy usage followed by the upstream process for heterotrophic growth. Feedstock impacts not characterized | BP26: Electricity: Downstream energy (spray drying, sCO₂ extraction, centrifugation) | BQ26: Electricity: Cultivation electricity demand | BR26: Productivity/yield | BT26: Microalgae-based processes present energy-intensive demands, resulting mainly from cultivation, dewatering, and drying operations. In intracellular microalgal products, the extraction stage and yield of the compounds are factors that most affect environmental performance. | BX26: 167.95 | BY26: 167.95 | BZ26: kg CO2 eq. / FU | CA26: 0.5 | CB26: 0.5 | CC26: ha / FU | CJ26: ~5.2e0 | CK26: ~5.2e0 | CL26: kg SO2 eq / FU | CV26: ~1.0e-4 | CW26: ~1.0e-4 | CX26: kgCFC-11eq / FU | DB26: 4 | DC26: 4 | DD26: m3 / FU | DE26: 633.74 | DF26: 633.74 | DG26: MJ / FU | DH26: 3.54 | DI26: 3.54 | DJ26: kgO3eq / FU | EC26: ~5.2e0 | ED26: ~5.2e0 | EE26: kgPO4eq / FU | FM26: 1143.1 | FN26: 1143.1 | FO26: CTUe / FU
A27: MO14 | B27: MO14.3 | C27: Microbial oils | D27: Deprá et al., 2020 | E27: 1. Eligible | F27: Deprá, MC; Severo, IA; dos Santos, AM; Zepka, LQ; Jacob-Lopes, E | G27: 2020 | H27: Environmental impacts on commercial microalgae-based products: Sustainability metrics and indicators | I27: Herein, the environmental impact of commercial microalgae-based products was assessed. The whole dried biomass production by Chlorella vulgaris and Arthrospira platensis were evaluated under different cultivation configurations. Besides, pigments such as beta-carotene, astaxanthin, and phycocyanin, by Dunaliella Haematococcus pluvialis, and Arthrospira platensis, respectively, were also subjected to environmental analysis, as well as docosahexaenoic (DHA) and eicosapentaenoic (EPA) acids by Crypthecodinium cohnii, Nitzschia laevis, and Nannochloropsis oculata. These products were estimated by midpoint indicators through the nine impact categories and subsequently submitted to the normalization stage. Also, environmental critical points of the process were identified and discussed, focusing on the combined operations of dehydration and drying of biomass, as well as the central role of the energy footprint and the challenges of the transition from fossil energy to renewable matrices. Among the results found for whole dried biomass, the parameters that most influence the burdens are directly related to the energy requirements of the downstream processes. In intracellular microalgal products, the extraction stage and yield of the compounds are factors that most affect environmental performance. Additionally, this work provides quantitative numbers of sustainability indicators for microalgae projects considering the current stage of the technology. Therefore, the results found in this study are the first step found in the literature to identify environmental improvements in the consolidated biotechnological routes of microalgae. | J27: 10.1016/j.algal.2020.102056 | K27: Algal Research | L27: Dimensions, Web of Science | M27: Article: peer reviewed | N27: Bioprocess Intensification Group, Federal University of Santa Maria, UFSM, Roraima Avenue 1000, 97105-900 Santa Maria, RS, Brazil | O27: University | P27: Brazil | Q27: Nutritional omega-3 oils (PUFA-rich) | R27: PUFA microalgal oil | S27: EPA-rich oil (Nannochloropsis) | T27: Autotrophic production of EPA oil from Nannochloropsis | U27: Food ingredient | V27: Photoautotrophic (submerged) | W27: n.r. | X27: Microalgae | Y27: Nannochloropsis oculata | Z27: Gen 2 | AA27: Gas | AB27: CO2 | AD27: No | AE27: Yes | AF27: Industrial | AG27: n.r. | AH27: 47.61 m3 | AI27: Cell separation (Centrifugation), Drying (spray drying), Extraction (supercritical CO2), No refining mentioned, No formulation | AJ27: Wet biomass → centrifugation → spray-drying → sCO₂ extraction (see Table 3). No further details on treatment post extraction are provided, such as centrifugation or filtration to remove cell mass from the lipid extract. | AK27: n.r. | AL27: 1.5 g/L biomass | AM27: n.r. | AN27: n.r. | AO27: n.r. | AP27: Not specified (no major coproducts, all burdens to oil) | AQ27: Attributional LCA | AR27: Not specified | AS27: Cradle-to-gate | AT27: Assessment of a product. Comparison of a process. | AU27: 1 kg oil (EPA-rich) | AV27: 1 kg DHA EPA by Nannochloropsis oculata in autotrophic cultivation (tubular photobioreactor) | AW27: Not included | AX27: No coprodcut allocation. All impacts to oil product. | AY27: ReCiPe 2008 Midpoint | AZ27: n.r. | BA27: Industrial | BB27: USP, DSP | BC27: Literature modeled | BD27: Not specified | BE27: Foreground data is modeled from the literature. Secondary inventory data is not specified in the text. Impact assessment method not specified. Lists midpoint categories (GWP, ODP, AP, EP, ECO, ER, WF, LU) per methods section and provides equations for calculations. | BF27: Process variation | BG27: Different strain and production method | BH27: n.r. | BI27: None modelled | BJ27: N/A | BK27: No | BL27: No | BM27: Microalgae-based processes present energy-intensive demands, resulting mainly from cultivation, dewatering, and drying operations. In intracellular microalgal products, the extraction stage and yield of the compounds are factors that most affect environmental performance. | BN27: Process | BO27: Process hot spots not well characterized in the publication. Autotrophic cultivation has high energy consumption followed by downstream extraction energy consumption. Feedstock impacts not characterized | BP27: Electricity: Cultivation electricity demand | BQ27: Electricity: Downstream energy (spray drying, sCO₂ extraction, centrifugation) | BR27: Water use in autotrophic system due to high volume, low productivity | BT27: Microalgae-based processes present energy-intensive demands, resulting mainly from cultivation, dewatering, and drying operations. In intracellular microalgal products, the extraction stage and yield of the compounds are factors that most affect environmental performance. | BX27: 7649.64 | BY27: 7649.64 | BZ27: kg CO2 eq. / FU | CA27: 5.57 | CB27: 5.57 | CC27: ha / FU | CJ27: ~1.7e4 | CK27: ~1.7e4 | CL27: kg SO2 eq / FU | CV27: ~5.2e0 | CW27: ~5.2e0 | CX27: kgCFC-11eq / FU | DB27: 47.61 | DC27: 47.61 | DD27: m3 / FU | DE27: 16615.63 | DF27: 16615.63 | DG27: MJ / FU | DH27: 170.37 | DI27: 170.37 | DJ27: kgO3eq / FU | EC27: ~1.5e1 | ED27: ~1.5e1 | EE27: kgPO4eq / FU | FM27: 54107.97 | FN27: 54107.97 | FO27: CTUe / FU
A28: MO15 | B28: MO15 | C28: Microbial oils | D28: Vera et al., 2015 | E28: 2. Ineligible, but keep for database | F28: Vera, L; Sun, W; Iftikhar, M; Liu, JT | G28: 2015 | H28: LCA based comparative study of a microbial oil production starch wastewater treatment plant and its improvements with the combination of CHP system in Shandong, China | I28: A life cycle assessment (LCA) analysis was carried out to evaluate the environmental performance related to a corn starch wastewater treatment plant (WWTP) with simultaneous microbial oil production in Shandong, China, compared against a non-oil producing WWTP. The software GaBi 5.43 was employed for the LCA analysis. Applying an attributional modeling LCA the results showed that the WWTP, despite removing high concentrations of organic matter from the wastewater and being economically feasible by the production of crude bio-oil, has 2330% increased emissions related to energy consumption into the air compared to a non-oil production process. Taking in consideration an estimated activated sludge WWT and anaerobic digester process, the conventional process would have higher GHG emissions. With the LCA results, a consequential modeling LCA taking corn stover biomass as renewable energy source in a direct-fire system was proposed. It showed that corn stover biomass has the potential to mitigate the high emissions to the air due to the abundant available resources near the plant location. Global and regional normalization references were also used to represent the real impact of the LCA results. This study not only revealed an environmental evaluation of the current wastewater microbial oil production technology, but it also helped to identify process bottlenecks and the use of renewable energy opportunities which should receive specific research efforts to make this process environmentally sustainable. (C) 2015 Published by Elsevier B.V. | J28: 10.1016/j.resconrec.2014.09.013 | K28: Resources, Conservation and Recycling | L28: Dimensions, Web of Science | M28: Article: peer reviewed | N28: Beijing Key Lab of Membrane Science and Technology, College of Chemical Engineering, Beijing University of Chemical Technology, 15 Beisanhuan East Road, Beijing 100029, China | O28: University | P28: China | Q28: Nutritional omega-3 oils (PUFA-rich) | R28: PUFA microalgal oil | S28: Crude microbial oil from R. glutinis. Assumption of TAG-rich oil from literature. | T28: Microbial oil production starch wastewater treatment plant (WWTP) in Shandong, China and a non-oil production plant. Bio-oil and protein feed produced from high-COD corn starch wastewater using Rhodotorula glutinis. | U28: Biodiesel application | V28: Aerobic (submerged) | W28: Fed-batch | X28: Yeast | Y28: Rhodotorula glutinis | Z28: Gen 2 | AA28: Food waste | AB28: Corn starch wastewater | AC28: Effluent from corn processing factory (Shandong, China). Direct use of wastewater as fermentation medium (minimal pre-processing) | AF28: Industrial | AG28: n.r. | AI28: Cell separation (flocculation), Cell separation (filtration), Drying (extrusion), Extraction (solvent), Distillation recovery/purification | AJ28: Downstream includes drying/extrusion of biomass, solvent extraction for oil recovery, distillation, and recovery of protein feed | AL28: ~45 g/L biomass | AM28: Crude oil (not specified) | AN28: n.r. | AO28: n.r. | AP28: Protein feed as co-product | AQ28: Attributional LCA | AR28: 2009-2010 | AS28: Gate-to-gate | AT28: Assessment of a product, comparison of a product | AU28: 3000 m3 of wastewater per day in a year | AV28: The microbial oil WWTP in Shandong, China, takes advantage of high concentrations in organic materials from industrial wastewater. The oil production process uses an innovative methodology to convert the COD contained in corn starch wastewater to oil by fermentation using the yeast R. glutinis | AW28: Mass (product) | AX28: The allocation method would be “Allocation by Mass”, since we know the COD influent (45,000 mg/L) and how much protein feed and crude oil is produced per m3 of wastewater (45,000 COD (mg/L) --> Biomass 42~47 g/L --> 35-50% bio-oil (7.5 kg/m3 of WW) or 60-50% bio-oil (18.8 kg/m3 of WW); or Activated sludge treatment 8000-10000 COD (mg/L) --> COD emissions to water (58 mg/L) | AY28: CML 2001 | AZ28: GaBi 5.43 | BA28: Industrial | BB28: USP, DSP | BC28: Industrial-scale data, Literature modeled | BD28: Other, Gabi (Sphera) | BE28: Foreground data: Direct measurements/logs from Shandong WWTP, supplemented by literature and government reports. On-site data from prodcution, literature According to international standards (Finkbeiner et al., 2006), site specific activity data has been collected and employed for the production life cycle stage. In this study secondary data used is mainly from official sources like local, national and international government documents, journals and papers | BF28: Process: modification | BG28: Oil-producing WWTP, Oil-producing WWTP + CHP system 1, Oil-producing WWTP + CHP system 2 (systems 1 and 2 have different electric capacities: 150 kW, 500 kW) | BH28: Shandong, China | BI28: Conventional wastewater treatment for starch waste feedstock. Also compares to CHP scenarios with local corn stover as energy input | BM28: Drying process consumed the most of the energy. This is because the biomass is exposed to a high shear force, pressure and heat thus requiring a huge amount of energy | BN28: Process | BO28: 1. Drying and extrusion: most energy-intensive process (2,543 kWh per day); 2. Extraction: second highest energy; 3. Fermentation: moderate (1,018 kWh/day); see Figure 4 | BP28: Electricity: Downstream energy for drying | BQ28: Electricity: Downstream energy for extraction | BR28: Electricity: fermentation | BT28: Drying process consumed the most of the energy. This is because the biomass is exposed to a high shear force, pressure and heat thus requiring a huge amount of energy | BX28: 0 | BY28: 2.66e-06 | BZ28: kg CO2-Equiv. / FU | EC28: 8.84e-09 | ED28: 2.7e-07 | EE28: kg PO4 3-Eq. / FU
A29: MO16 | B29: MO16.1 | C29: Microbial oils | D29: Balina et al., 2023 | E29: 2. Ineligible, but keep for database | F29: Balina, K; Soloha, R; Suleiko, A; Dubencovs, K; Liepins, J; Dace, E | G29: 2023 | H29: Prospective Life Cycle Assessment of Microbial Sophorolipid Fermentation | I29: The biorefinery industry is witnessing a transition from fossil and chemical-based processes to more sustainable practices, with a growing emphasis on using renewable resources. Sophorolipids, a promising group of biosurfactants, present a viable substitute for conventionally produced surfactants. This study focuses on microbial fermentation using yeast and lipid substrate for sophorolipid production. The life cycle assessment (LCA) methodology was employed to identify environmental hotspots of the process and to assess the environmental benefits resulting from the replacement of raw rapeseed cooking oil (base scenario) with waste cooking oil, reduction of process electricity consumption, and increased sophorolipid yield. By compiling scenarios with the lowest environmental impact, a best-case scenario was created. The results revealed that the environmental impact of sophorolipid production could be reduced by 50% in the best-case scenario compared to the base scenario. This research provides valuable insights into the environmental optimization of the fermentation process and through the application of LCA highlights the potential for the reduction of negative environmental impact of sophorolipid production, contributing to the ongoing transition from petroleum oil and petrochemical refineries to sustainable biorefineries. | J29: 10.3390/fermentation9090839 | K29: Fermentation | L29: Dimensions, Web of Science, "Other (previously known, citation chains)" | M29: Article: peer reviewed | N29: Institute of Microbiology and Biotechnology, University of Latvia, Jelgavas iela 1, LV-1004 Riga, Latvia Institute of Science and Innovative Technologies, Liepaja University, Liela iela 14, LV-3401 Liepaja, Latvia Biotehniskais Centrs AS, Dzerbenes iela 27, LV-1006 Riga, Latvia Laboratory of Bioengineering, Latvian State Institute of Wood Chemistry, Dzerbenes iela 27, LV-1006 Riga, Latvia Institute of General Chemical Engineering, Faculty of Materials Science and Applied Chemistry, Riga Technical University, Paula Valdena iela 3, LV-1658 Riga, Latvia Department of Political Science, Riga Stradins University, Dzirciema iela 16, LV-1007 Riga, Latvia | O29: University, Research institution | P29: Latvia | Q29: Sophorolipid | R29: Sophorolipid | S29: Sophorolipid produced by yeast | T29: Sophorolipid produced by yeast (Starmerella bombicola) via fermentation using vegetable oil substrate | U29: Not specified | V29: Aerobic (submerged) | W29: Fed-batch | X29: Yeast | Y29: Starmerella bombicola | Z29: Gen 1 | AA29: Mixed | AB29: Glucose, Vegetable oil | AF29: Lab- | AH29: 5L | AI29: Biomass separation, Sophorolipid concentration | AJ29: Sequential membrane filtration to separate yeast, concentrate sophorolipids; | AK29: n.r. | AL29: 196.3 | AM29: n.r. | AN29: n.r. | AO29: n.r. | AP29: Waste biomass, water + salt residuals | AQ29: Attributional LCA | AR29: Prospective | AS29: Cradle-to-gate | AT29: Assess and reduce the environmental impacts of lab-scale sophorolipid fermentation; identify hotspots, test process/substrate scenarios | AU29: 1 kg sophorolipid | AV29: 1 kg produced in a 5 L bioreactor, scenario-specific titres | AW29: Not included | AX29: WCO scenario: environmental burden upstream of WCO is excluded (avoided-burden approach); no allocation for by-products (yeast biomass = waste) | AY29: ReCiPe 2016 Endpoint | AZ29: Simapro 9.3 | BA29: Lab | BB29: USP, DSP | BC29: Lab data modeled | BD29: Ecoinvent | BE29: Ecoinvent 3.8 for electricity, nutrients, chemicals. To build the inventory, primary data were collected from the lab-scale bioreactor, and secondary data were obtained from literature and the ecoinvent database. Key flows: electricity, oil, glucose, water, fermentation medium; see Table 1, p.6 for data and source. From conclusion, "Despite the valuable insights gained from this study, there are certain limitations. Firstly, the study focused primarily on a theoretical analysis, and the scenarios were not validated through practical implementation in a pilot plant. Secondly, uncertainties associ- ated with modelling and data inputs could impact the accuracy of the results." | BF29: Process: modification; Input: Feedstock type | BG29: Base: rapeseed oil as substrate | BH29: Latvia | BI29: Not specified | BJ29: Conventional surfactants (not directly modeled here, but cited in discussion) | BK29: Yes | BL29: No | BM29: Base scenario: Electricity = 85.1%, Rapseed oil = 14.2%, glucose = 0.4% of total impact; WCO (waste oil) scenario: 28% lower total impact (same titre); up to 52% reduction with higher titre (S1-I). Best-case: 60% reduction (WCO, higher titre, energy savings). | BN29: Process | BO29: Electricity for fermentation (heating, mixing, DO control)—main impact, especially for human health (PM emissions); Rapeseed oil production (agriculture, land use, chemicals)—main impact on ecosystems; Process efficiency/yield—higher titre sharply reduces impacts per kg product. | BP29: Electricity: fermentation | BQ29: Input: lipid feedstock (rapeseed oil) | BR29: Process metrics: Titer/productivty | BT29: Base scenario: Electricity = 85.1%, Rapseed oil = 14.2%, glucose = 0.4% of total impact; WCO (waste oil) scenario: 28% lower total impact (same titre); up to 52% reduction with higher titre (S1-I). Best-case: 60% reduction (WCO, higher titre, energy savings).
